 Dungeon Crawl Stone Soup version 0.30-a0-234-g97d66968fd (webtiles) character file.

Game seed: 14677400253680069393

701056 qw the Conqueror (level 27, -10/199 HPs)
             Began as a Gargoyle Fighter on Oct 9, 2022.
             Was an Elder of Okawaru.
             Killed from afar by Cerebov (30 damage)
             ... with an iron shot
             ... in Pandemonium.
             The game lasted 00:44:15 (72951 turns).

qw the Conqueror (Gargoyle Fighter)                Turns: 72951, Time: 00:44:15

Health: -10/199    AC: 81    Str: 49    XL:     27
Magic:  31/31      EV: 14    Int: 11    God:    Okawaru [****..]
Gold:   4535       SH: 25    Dex:  7    Spells: 26/26 levels left

rFire   x . .      SeeInvis .    G - +6 broad axe "Killer Bee's Death" {holy, rPois rF- Will+++ Str+4}
rCold   + + .      Faith    .    L - +2 tower shield {rPois}
rNeg    + + +      Spirit   .    A - +16 plate armour of Intercession {rC+ Str+4 Dex-2}
rPois   inf        Reflect  .    b - +2 helmet
rElec   +          Harm     .    J - +0 cloak of the Depths {rF+ rN+ Str+4 Stlth+}
rCorr   .          Rampage  .    k - +2 pair of gloves
Will    +++++                    r - +2 pair of boots
Stlth   ..........               y - amulet of Vitality {RegenMP++ Regen++}
HPRegen 2.13/turn                N - ring of the Tortoise {AC+8}
MPRegen 1.02/turn                q - ring "Kudus" {rC+ rN+ Will+ Str+5}

@: on fire, about to teleport, heroic, fire vulnerable, spiked, flying, glowing
A: sickness immunity, AC +20, big wings, negative energy resistance 1,
electricity resistance, torment resistance 1, petrification resistance
}: 5/15 runes: decaying, serpentine, silver, golden, demonic
a: Renounce Religion, Heroism, Finesse


You were in Pandemonium.
You worshipped Okawaru.
Okawaru was greatly pleased with you.
You visited 11 branches of the dungeon, and saw 50 of its levels.
You visited Pandemonium 1 time, and saw 6 of its levels.
You visited the Abyss 2 times.
You also visited: Sewer, Ossuary and Gauntlet.

You collected 11154 gold pieces.
You spent 6619 gold pieces at shops.


Innate Abilities, Weirdness & Mutations

You are immune to sickness and miasma.
Your stone body is resilient. (AC +20)
You are immune to poison.
Your large and strong wings let you fly.
You resist negative energy. (rN+)
You are resistant to electric shocks. (rElec)
You are resistant to unholy torment.
You are immune to petrification.


   Skills:
 O Level 27 Fighting
 - Level 22.0(27) Axes
 + Level 20.2(25.2) Throwing
 - Level 22.0(27) Armour
 - Level 14.5(19.5) Dodging
 - Level 22.0(27) Shields
 - Level 11.5 Invocations


You had 26 spell levels left.
You didn't know any spells.
Your spell library was empty.

Inventory:

Hand Weapons
 m - a +9 vampiric war axe
 G - the +6 broad axe "Killer Bee's Death" (weapon) {holy, rPois rF- Will+++ Str+4}
   (Okawaru gifted it to you on level 1 of the Snake Pit)

   It has been blessed by the Shining One to cause great damage to the undead
   and demons.
   Str:       It affects your strength (+4).
   rF:        It makes you vulnerable to fire.
   rPois:     It protects you from poison.
   Will:      It greatly increases your willpower.
 H - the +3 broad axe "Demonslayer" {freeze, rElec rCorr Str+4 Dex-4, mikee}
   (You found it on level 3 of the Tomb of the Ancients)

   It freezes those it strikes, dealing additional cold damage.
   It can also slow down cold-blooded creatures.
   Str:       It affects your strength (+4).
   Dex:       It affects your dexterity (-4).
   rElec:     It insulates you from electricity.
   rCorr:     It protects you from acid and corrosion.
Missiles
 t - 17 boomerangs (quivered)
 x - 10 javelins
Armour
 b - a +2 helmet (worn)
 c - the -2 hat of the Alchemist {rElec rPois rF+ rC+ rN+ Will+ rMut rCorr}
   (You acquired it on level 7 of the Dungeon)

   rF:        It protects you from fire.
   rC:        It protects you from cold.
   rElec:     It insulates you from electricity.
   rPois:     It protects you from poison.
   rN:        It protects you from negative energy.
   rCorr:     It protects you from acid and corrosion.
   rMut:      It protects you from mutation.
   Will:      It increases your willpower.
 f - the +0 cloak of Sif Muna's Envy {rC+}
   (You found it on level 12 of the Dungeon)

   rC:        It protects you from cold.
 j - a +2 tower shield of reflection
 k - a +2 pair of gloves (worn)
 r - a +2 pair of boots (worn)
 u - a +1 cloak of willpower
 A - the +16 plate armour of Intercession (worn) {rC+ Str+4 Dex-2}
   (Okawaru gifted it to you on level 15 of the Dungeon)

   Str:       It affects your strength (+4).
   Dex:       It affects your dexterity (-2).
   rC:        It protects you from cold.
 B - the +2 chain mail "Xibbant" {rN+ rCorr Int+3 Dex+3}
   (Okawaru gifted it to you on level 2 of the Realm of Zot)

   Int:       It affects your intelligence (+3).
   Dex:       It affects your dexterity (+3).
   rN:        It protects you from negative energy.
   rCorr:     It protects you from acid and corrosion.
 E - a scarf of resistance
 F - the +1 cloak "Feykhlia" {Rampage *Slow rCorr Int+8}
   (You bought it in a shop on level 2 of the Depths)

   Int:       It affects your intelligence (+8).
   rCorr:     It protects you from acid and corrosion.
   *Slow:     It may slow you when you take damage.
   Rampage:   It bestows one free step when moving towards enemies.
 J - the +0 cloak of the Depths (worn) {rF+ rN+ Str+4 Stlth+}
   (You found it in a Gauntlet)

   Str:       It affects your strength (+4).
   rF:        It protects you from fire.
   rN:        It protects you from negative energy.
   Stlth:     It makes you more stealthy.
 L - a +2 tower shield of poison resistance (worn)
Jewellery
 e - the ring "Pisick" {rPois rCorr Int+4}
   (You found it in a Gauntlet)

   [ring of resist corrosion]

   Int:       It affects your intelligence (+4).
   rPois:     It protects you from poison.
   rCorr:     It protects you from acid and corrosion.
 q - the ring "Kudus" (right hand) {rC+ rN+ Will+ Str+5}
   (You acquired it on level 5 of the Lair of Beasts)

   [ring of positive energy]

   Str:       It affects your strength (+5).
   rC:        It protects you from cold.
   rN:        It protects you from negative energy.
   Will:      It increases your willpower.
 y - the amulet of Vitality (around neck) {RegenMP++ Regen++}
   (You bought it in a shop on level 2 of the Orcish Mines)

   [amulet of magic regeneration]

   It increases your rate of magic regeneration.
   Regen:     It increases your rate of health regeneration.
 D - a ring of protection from fire
 I - the ring of the Swan {rC+ Dex+6}
   (You found it on level 3 of the Tomb of the Ancients)

   [ring of dexterity]

   Dex:       It affects your dexterity (+6).
   rC:        It protects you from cold.
 N - the ring of the Tortoise (left hand) {AC+8}
   (You bought it in a shop on level 2 of the Orcish Mines)

   [ring of protection]

   AC:        It affects your AC (+8).
 O - the ring of Daev Nomush {Fire rElec rCorr Int-2 Dex+3}
   (You found it on level 3 of the Tomb of the Ancients)

   [ring of fire]

   It enhances your fire magic.
   Int:       It affects your intelligence (-2).
   Dex:       It affects your dexterity (+3).
   rF:        It protects you from fire.
   rC:        It makes you vulnerable to cold.
   rElec:     It insulates you from electricity.
   rCorr:     It protects you from acid and corrosion.
 Y - a +4 ring of protection
Wands
 K - a wand of digging (8)
Scrolls
 a - 10 scrolls of teleportation
 g - 32 scrolls of identify
 o - 10 scrolls of enchant weapon
 s - 5 scrolls of brand weapon
 z - 5 scrolls of enchant armour
Potions
 d - 13 potions of might
 h - a potion of heal wounds
 i - 21 potions of curing
 l - 12 potions of mutation
 n - 9 potions of lignification
 p - 10 potions of attraction
 v - 3 potions of cancellation
 w - 4 potions of haste

Dungeon Overview and Level Annotations

Branches:
Dungeon (15/15)            Temple (1/1) D:5            Lair (5/5) D:11
  Swamp (4/4) Lair:3        Snake (4/4) Lair:2        Slime (0/5) Lair:4
    Orc (2/2) D:12            Elf (0/3) Orc:2        Vaults (5/5) D:14
  Crypt (3/3) Vaults:2       Tomb (3/3) Crypt:3      Depths (4/4) D:15
    Zot (4/5) Depths:4      Sewer (visited)         Ossuary (visited)
Gauntlet (visited)

Altars:
Ashenzari
Cheibriados
Dithmenos
Elyvilon
Fedhas
Gozag
Hepliaklqana
Kikubaaqudgha
Makhleb
Nemelex Xobeh
Okawaru
Qazlal
Ru
Sif Muna
Trog
Uskayaw
Vehumet
Wu Jian
Xom
Yredelemnul
Zin
The Shining One
Jiyva

Shops:
D:1 =   D:4 [!:   D:5 [!:   D:9 [   D:13 (   D:15 (   Orc:2 [**=:   Snake:4 *
Vaults:5 ?   Depths:2 ([

Portals:
Hell: Depths:1 Depths:2 Depths:3 Depths:4
Abyss: Depths:3 Depths:4
Pandemonium: Depths:2
Ziggurat: Depths:1

Annotations:
Vaults:2 2 transporters
Pan Cerebov


Message History

You slice Cerebov!!
Cerebov convulses!
Cerebov is moderately wounded.
You barely miss the sun demon. You block Cerebov's attack.
A crimson imp comes into view.
It is wielding a +1 falchion of flaming.
The red devil hits you from afar with a +3 trident!
Barbed spikes become lodged in your body.
You block the orange demon's attack.
You slash Cerebov!
Cerebov convulses.
Cerebov is moderately wounded.
You cut the sun demon into ribbons!!!
The sun demon convulses!!!!
You kill the sun demon!
Okawaru accepts your kill.
You hear a roar!
Cerebov hits you but does no damage. You block the red devil's attack.
You hit Cerebov.
Cerebov convulses.
Cerebov is moderately wounded.
You slash the balrug!
The balrug convulses!
Cerebov hits you with the +6 sword of Cerebov {flame}!!
Cerebov burns you.
The sword of Cerebov burns away your fire resistance.
You block the orange demon's attack. The balrug gestures at you.
The sticky flame hits you but does no damage.
You are covered in liquid flames!
72950 ||| READING 11 scrolls of teleportation.
As you read the scroll of teleportation, it crumbles to dust.
You feel strangely unstable.
You are covered in liquid flames!
You block Cerebov's attack. You block the red devil's attack.
The balrug hits you but does no damage.
The orange demon stings you but does no damage.
Cerebov hits you with the +6 sword of Cerebov {flame}!
Cerebov burns you.
72951 ||| DRINKING 2 potions of heal wounds.
You feel much better.
You are covered in liquid flames!
Cerebov gestures at you. The iron shot hits you!!
You die...

#......... ..
##.........# ...
#..........#
...###.........#
¤...'........\.'
....'32.......#
¤&..'534....#
#&25...#########+#
#@)...)#.#....#...
##..)....#...##...
#4.....)#)..'....
#.......)..##....
#.......#..#.....
#..$....#.##....4
............#.#......
..^.........####'####
..........###.......#


You could see Cerebov (fast), 2 balrugs, 2 sun demons, an orange demon, a red
devil and 2 crimson imps.

Vanquished Creatures
  A dread lich (Crypt:3)
  Khufu (Tomb:3)
  Mara (Vaults:2)
  13 royal mummies
  Vashnia (Snake:2)
  Frederick (Depths:3)
  Margery (Vaults:2)
  Saint Roka (Vaults:1)
  Xtahua (Vaults:2)
  3 curse toes
  2 pandemonium lords (Pan)
  7 golden dragons
  2 bone dragons
  A Brimstone Fiend (Pan)
  2 doom hounds (Depths:3)
  5 Tzitzimimeh
  Zenata (Vaults:3)
  2 hellephants (Abyss:2)
  An electric golem (Zot:3)
  Asterion (Snake:4)
  Grunn (Depths:3)
  2 Hell Sentinels (Pan)
  Mlioglotl (Swamp:1)
  Rupert (Orc:2)
  18 tentacled monstrosities
  9 liches
  5 titans
  4 quicksilver dragons
  4 ancient champions
  An Executioner (Pan)
  4 tentacled starspawn (Abyss:2)
  12 death cobs
  17 sphinxes
  Agnes (Vaults:3)
  4 tengu reavers
  7 shadow dragons
  8 storm dragons
  Donald (Swamp:2)
  Kirke (Snake:2)
  6 demonspawn warmongers (Pan)
  10 fire giants
  6 nagarajas
  5 draconian monks
  3 draconian knights
  2 revenants (Tomb:1)
  12 frost giants
  A deep elf sorcerer (Vaults:5)
  22 vault wardens
  16 balrugs (Pan)
  2 ghost moths (Zot:4)
  6 draconian scorchers
  A curse skull (Crypt:2)
  An orc warlord (Vaults:3)
  A caustic shrike zombie (Crypt:3)
  Aizul (Snake:2)
  5 draconian shifters
  2 iron dragons
  6 ghouls
  7 draconian annihilators
  2 draconian stormcallers
  4 cacodemons (Pan)
  21 ironbound preservers
  39 reapers
  4 demonspawn blood saints (Pan)
  2 spriggan defenders
  A juggernaut skeleton (Crypt:3)
  5 demonspawn corrupters (Pan)
  A caustic shrike skeleton (Depths:2)
  36 very ugly things
  22 stone giants
  5 war gargoyles
  9 ironbound thunderhulks
  12 vampire knights
  6 starcursed masses (Abyss:2)
  4 eleionomae
  6 black draconians
  3 demonspawn black suns (Pan)
  A deep elf demonologist (Vaults:5)
  7 green draconians
  4 lorocyprocas
  5 white draconians
  9 yellow draconians
  12 purple draconians
  A putrid mouth (Depths:3)
  10 red draconians
  7 bunyips
  A minotaur (Gauntlet)
  13 dire elephants
  12 blizzard demons (Pan)
  Snorg (Orc:2)
  3 green deaths (Pan)
  5 deep elf death magi
  10 fire dragons
  4 crystal guardians
  6 eidola
  8 jiangshi
  15 ettins
  16 yaktaur captains
  Fannar (Orc:1)
  20 mummy priests
  10 great orbs of eyes
  3 deep elf high priests (Vaults:5)
  4 rakshasas
  7 ice dragons
  A quicksilver dragon skeleton (Depths:2)
  A peacekeeper (Vaults:2)
  2 juggernaut simulacra (Pan)
  14 hydras
  2 salamander tyrants (Snake:4)
  2 hell beasts (Pan)
  A ghost crab (Swamp:4)
  40 vault guards
  A spriggan air mage (Swamp:4)
  4 ogre magi
  7 ironbound frosthearts
  3 boulder beetles
  4 catoblepae
  10 centaur warriors
  11 anacondas
  5 dancing weapons (Crypt:3)
  2 titan zombies
  9 alligators
  11 two-headed ogres
  A bennu zombie (Crypt:2)
  A death knight (Crypt:2)
  13 tengu warriors
  16 naga warriors
  64 death scarabs
  6 deep troll shamans
  23 naga sharpshooters
  32 hell knights
  3 vampire magi
  7 death yaks (Lair:5)
  5 deep troll earth magi
  7 shock serpents
  4 thrashing horrors
  4 orc high priests (Orc:2)
  7 spriggan berserkers
  13 spriggans
  An emperor scorpion zombie (Tomb:1)
  47 soul eaters
  A hell hog (Abyss:2)
  3 deep elf knights
  Amaemon (Lair:3)
  An anaconda zombie (Crypt:3)
  7 sixfirhies
  2 death drakes
  3 salamander mystics
  55 deep trolls
  68 sun demons (Pan)
  23 skeletal warriors
  A deep troll (shapeshifter) (Vaults:4)
  10 iron trolls
  A spriggan rider (Depths:3)
  3 goliath frogs
  6 spriggan druids
  5 shadow demons (Pan)
  3 flayed ghosts
  An orb spider (shapeshifter) (Vaults:5)
  A steelbarb worm (shapeshifter) (Vaults:5)
  3 deep elf archers
  9 swamp dragons
  9 glowing orange brains
  3 bog bodies
  4 harpies (Vaults:3)
  9 phantasmal warriors
  4 naga ritualists
  5 deep elf pyromancers
  6 wizards
  2 spectral wolf spiders (Gauntlet)
  4 orc knights
  12 lindwurms
  An iron giant skeleton (Crypt:3)
  A shadow dragon skeleton (Crypt:3)
  17 ironbound convokers
  4 orc sorcerers
  A wolf spider (Lair:5)
  15 necromancers
  A tengu skeleton (Depths:2)
  5 mana vipers
  A jorogumo skeleton (Crypt:2)
  A manticore (shapeshifter) (Depths:1)
  2 will-o-the-wisps (Swamp:4)
  18 moths of wrath
  16 salamanders
  11 guardian serpents
  2 manticores (Lair:5)
  8 elephants
  2 cyclopes
  51 ugly things
  A naga zombie (Crypt:2)
  5 ice statues (Pan)
  13 naga magi
  33 black mambas
  3 rust devils (Pan)
  26 vault sentinels
  Joseph (D:13)
  An alligator snapping turtle zombie (Crypt:3)
  A molten gargoyle (Swamp:4)
  A naga skeleton (Crypt:3)
  A torpor snail (Lair:5)
  A black mamba (shapeshifter) (Vaults:5)
  10 orange demons
  41 smoke demons
  3 efreet
  A centaur skeleton (Tomb:1)
  3 cane toads
  27 hellions
  9 rime drakes
  4 kobold demonologists
  7 komodo dragons
  2 unseen horrors (Depths:3)
  4 freezing wraiths
  65 demonic crawlers (Pan)
  A catoblepas zombie (Crypt:2)
  6 hellwings (Pan)
  35 yaktaurs
  39 guardian mummies
  9 tengu conjurers
  2 ancient zymes (Abyss:2)
  A sea snake skeleton (Crypt:2)
  3 red devils (Pan)
  8 ice devils
  A death yak skeleton (Crypt:1)
  2 harpy zombies
  6 tormentors
  4 trolls
  12 polar bears
  6 meliai
  A merfolk (shapeshifter) (Vaults:5)
  A bloated husk (Swamp:1)
  A queen bee (Lair:4)
  11 raiju
  Grinder (D:3)
  7 tyrant leeches
  13 hornets
  A harpy skeleton (Crypt:3)
  A fire dragon zombie (Crypt:3)
  14 blink frogs
  49 slime creatures
  4 ettin zombies
  A spriggan zombie (Depths:2)
  4 dream sheep (Lair:5)
  A fire dragon skeleton (Crypt:2)
  Sigmund (D:6)
  48 flying skulls
  2 vampires
  71 ynoxinuls
  An ettin skeleton (Crypt:3)
  8 ushabtiu
  11 wraiths
  18 wyverns
  4 water elementals (Depths:4)
  3 hogs (Snake:2)
  3 steam dragons
  81 yaks
  14 basilisks
  4 golden eyes (Abyss:2)
  A human (D:14)
  A golden eye (shapeshifter) (D:13)
  17 vampire mosquitoes
  33 chaos spawn
  A neqoxec (Abyss:2)
  9 wargs
  7 small abominations
  A human zombie (Depths:1)
  52 nagas
  A deep troll zombie (Crypt:1)
  24 large abominations
  17 swamp worms
  A fire bat zombie (Crypt:2)
  11 swamp drakes
  2 floating eyes
  18 hell hounds
  23 orc warriors
  2 glowing shapeshifter skeletons
  11 water moccasins
  3 sky beasts
  Pargi (Sewer)
  18 black bears
  7 ogres
  A tengu (shapeshifter) (D:14)
  38 wolves
  A phantom (D:6)
  A blink frog skeleton (Crypt:1)
  9 centaurs
  2 swamp dragon skeletons
  4 kobold brigands
  A draconian zombie (Crypt:2)
  3 elf zombies
  A yaktaur skeleton (Crypt:2)
  7 bullfrogs
  4 necrophages
  4 scorpions
  6 wights
  A polar bear zombie (Crypt:2)
  37 killer bees
  16 howler monkeys
  An electric eel (Lair:2)
  A jelly (D:5)
  A quasit (Abyss:2)
  4 centaur zombies
  4 hounds
  29 orc priests
  A jelly (shapeshifter) (Vaults:4)
  2 hell rats (Lair:3)
  2 iguanas
  27 orc wizards
  A lightning spire (Gauntlet)
  An acid dragon zombie (Crypt:1)
  A hound skeleton (Crypt:1)
  29 mummies
  Robin (D:2)
  6 adders
  A white imp (D:6)
  5 ufetubi
  An adder zombie (Ossuary)
  2 worms (D:3)
  4 dart slugs
  74 orcs
  6 ball pythons
  3 bats
  An endoplasm (D:3)
  4 giant cockroaches
  20 goblins
  10 hobgoblins
  4 jackals
  2 frilled lizards (D:1)
  A hobgoblin skeleton (Crypt:2)
  10 hobgoblin zombies (Ossuary)
  A jackal skeleton (Crypt:1)
  3 jackal zombies (Ossuary)
  21 kobolds
  12 kobold zombies (Ossuary)
  7 orc zombies (Ossuary)
  7 rats
  2 fire vortices (Swamp:4)
  4 starspawn tentacles (Abyss:2)
2937 creatures vanquished.

Vanquished Creatures (others)
  A draconian monk (Zot:1)
  A fire giant (Depths:3)
  2 demonspawn blood saints (Pan)
  2 alligators (Swamp:4)
  A fire crab (Swamp:4)
  2 wizards
  A will-o-the-wisp (Swamp:2)
  A komodo dragon (D:13)
  2 bloated husks (Swamp:2)
  A human (Snake:2)
  A steam dragon (Swamp:4)
  2 swamp drakes (Swamp:4)
  An orc wizard (D:7)
  20 foxfires
  27 fungi
  45 plants
  5 starspawn tentacles (Abyss:2)
115 creatures vanquished.

Grand Total: 3052 creatures vanquished

Notes
Turn   | Place    | Note
-------+----------+-------------------------------------------
     0 | D:1      | qw the Gargoyle Fighter began the quest for the Orb.
     0 | D:1      | Reached XP level 1. HP: 14/14 MP: 1/1
     0 | D:1      | 0 ||| qw: Version: 0.2-a-17-g06abaee
     0 | D:1      | 0 ||| qw: Game counter: 2320
     0 | D:1      | 0 ||| qw: Always use a shield: true
     0 | D:1      | 0 ||| qw: God list: Okawaru
     0 | D:1      | 0 ||| qw: Allow faded altars: false
     0 | D:1      | 0 ||| qw: Do Orc after D:15 true
     0 | D:1      | 0 ||| qw: Do second Lair branch before Depths: true
     0 | D:1      | 0 ||| qw: Lair rune preference: random
     0 | D:1      | 0 ||| qw: Plans: Normal, Zot:1-4, God:TSO, Crypt, Tomb,
                  | Pan, Slime:5, Hells, Abyss, Orb
     0 | D:1      | 0 ||| PLANNING D:1-11
     2 | D:1      | Noticed a demigod
     2 | D:1      | Noticed a meteoran
     4 | D:1      | Noticed a vampire
     4 | D:1      | Noticed a merfolk
     6 | D:1      | Noticed an ogre
     8 | D:1      | Noticed a troll
     8 | D:1      | Noticed a minotaur
    10 | D:1      | Noticed a formicid
    10 | D:1      | Noticed a gargoyle
    12 | D:1      | Noticed a human
    12 | D:1      | Noticed a ghoul
    14 | D:1      | Noticed a spriggan
    14 | D:1      | Noticed a tengu
    16 | D:1      | Noticed a naga
    16 | D:1      | Noticed a draconian
    18 | D:1      | Noticed a felid
    20 | D:1      | Noticed an octopode
    20 | D:1      | Noticed a demonspawn
    22 | D:1      | Noticed an armataur
    24 | D:1      | Noticed a meteoran
    24 | D:1      | Noticed an elf
    26 | D:1      | Noticed a ghoul
    26 | D:1      | Noticed a vine stalker
    84 | D:1      | HP: 3/14 [ball python (3)]
    87 | D:1      | Reached XP level 2. HP: 5/19 MP: 2/2
    87 | D:1      | HP: 1/19 [dart slug/slug dart (4)]
   451 | D:1      | Found Femo's Jewellery Shoppe.
   458 | D:1      | 458 ||| SHOPLISTING +4 ring of evasion (396 gold, have 15).
   458 | D:1      | 458 ||| SHOPLISTING amulet of regeneration (330 gold, have
                  | 15).
   458 | D:1      | 458 ||| SHOPLISTING ring of fire (275 gold, have 15).
   458 | D:1      | 458 ||| SHOPLISTING ring of willpower (275 gold, have 15).
   700 | D:1      | 700 ||| Stepping ~*~*~tactically~*~*~ (hiding).
   711 | D:1      | Reached skill level 3 in Axes
   724 | D:1      | Reached XP level 3. HP: 23/23 MP: 3/3
   790 | D:1      | 790 ||| UPGRADING to +0 chain mail.
   800 | D:1      | 800 ||| DROPPING +0 scale mail.
   801 | D:1      | 801 ||| UPGRADING to +0 pair of gloves.
   806 | D:1      | 806 ||| READING 2 scrolls labelled GIRYOG WIOCI.
   811 | D:1      | 811 ||| READING scroll labelled BYEXZA EMMU.
   812 | D:1      | 812 ||| READING scroll labelled LEKHLE UKAAJEMA.
   813 | D:1      | 813 ||| DRINKING 2 golden potions.
   814 | D:1      | 814 ||| DROPPING potion of degeneration.
   976 | D:2      | Found a faded altar of an unknown god.
  1031 | D:2      | 1031 ||| READING scroll of enchant weapon.
  1031 | D:2      | 1031 ||| ENCHANTING +1 war axe.
  1034 | D:2      | Noticed Robin
  1035 | D:2      | 1035 ||| Stepping ~*~*~tactically~*~*~ (hiding).
  1045 | D:2      | Killed Robin
  1054 | D:2      | Reached XP level 4. HP: 28/28 MP: 4/4
  1074 | D:2      | 1074 ||| Stepping ~*~*~tactically~*~*~ (stealth).
  1075 | D:2      | 1075 ||| Stepping ~*~*~tactically~*~*~ (stealth).
  1077 | D:2      | 1077 ||| Stepping ~*~*~tactically~*~*~ (stealth).
  1078 | D:2      | 1078 ||| Stepping ~*~*~tactically~*~*~ (stealth).
  1079 | D:2      | 1079 ||| Stepping ~*~*~tactically~*~*~ (stealth).
  1082 | D:2      | 1082 ||| Stepping ~*~*~tactically~*~*~ (stealth).
  1083 | D:2      | 1083 ||| Stepping ~*~*~tactically~*~*~ (stealth).
  1718 | D:2      | 1718 ||| UPGRADING to +2 helmet.
  1723 | D:2      | 1723 ||| READING scroll labelled GUEPPUWUHE.
  1724 | D:2      | 1724 ||| READING scroll labelled SUSY OZXUULL.
  1725 | D:2      | 1725 ||| READING scroll labelled GIPAPU WOL.
  1726 | D:2      | 1726 ||| READING scroll labelled PYHUQESUQOI.
  1727 | D:2      | 1727 ||| DRINKING 2 viscous blue potions.
  1747 | D:3      | 1747 ||| PLANNING SEWER
  1757 | D:3      | Reached XP level 5. HP: 31/32 MP: 5/5
  1769 | D:3      | 1769 ||| DROPPING +0 club.
  1782 | D:3      | 1782 ||| Stepping ~*~*~tactically~*~*~ (stealth).
  1816 | D:3      | Noticed Grinder
  1841 | D:3      | Paralysed by Grinder for 3 turns
  1848 | D:3      | Killed Grinder
  1849 | D:3      | Reached skill level 6 in Axes
  1849 | D:3      | Reached XP level 6. HP: 36/37 MP: 6/6
  2257 | D:3      | 2257 ||| Stepping ~*~*~tactically~*~*~ (stealth).
  2268 | D:3      | Found a glowing drain.
  2271 | D:3      | 2271 ||| FLEEEEING.
  2272 | D:3      | 2272 ||| FLEEEEING.
  2273 | D:3      | 2273 ||| FLEEEEING.
  2288 | D:3      | 2288 ||| FLEEEEING.
  2289 | D:3      | 2289 ||| FLEEEEING.
  2304 | D:3      | 2304 ||| FLEEEEING.
  2305 | D:3      | 2305 ||| FLEEEEING.
  2306 | D:3      | 2306 ||| FLEEEEING.
  2307 | D:3      | 2307 ||| FLEEEEING.
  2308 | D:3      | 2308 ||| FLEEEEING.
  2309 | D:3      | 2309 ||| FLEEEEING.
  2311 | D:3      | 2311 ||| FLEEEEING.
  2319 | D:3      | 2319 ||| STAIRDANCE
  2324 | D:3      | 2324 ||| FLEEEEING.
  2325 | D:3      | 2325 ||| STAIRDANCE
  2329 | D:3      | 2329 ||| STAIRDANCE
  2337 | D:3      | 2337 ||| STAIRDANCE
  2375 | Sewer    | Entered a sewer
  2383 | Sewer    | 2383 ||| Stepping ~*~*~tactically~*~*~ (water).
  2430 | Sewer    | Noticed Pargi
  2439 | Sewer    | Killed Pargi
  2440 | Sewer    | Reached skill level 4 in Fighting
  2440 | Sewer    | Reached XP level 7. HP: 44/44 MP: 7/7
  2474 | Sewer    | 2474 ||| READING scroll labelled SITIGE DYTS.
  2506 | D:3      | 2506 ||| PLANNING D:1-11
  2585 | D:4      | 2585 ||| PLANNING OSSUARY
  2710 | D:4      | Found Iblut's Book Shoppe.
  2712 | D:4      | Found Anubbiclik's Distillery.
  2712 | D:4      | Found Afeaw's Armour Boutique.
  2720 | D:4      | 2720 ||| BUYING potion of lignification (39 gold).
  2720 | D:4      | Bought a potion of lignification for 39 gold pieces
  2720 | D:4      | 2720 ||| BUYING potion of might (52 gold).
  2720 | D:4      | Bought a potion of might for 52 gold pieces
  2752 | D:4      | Reached skill level 1 in Dodging
  2768 | D:4      | 2768 ||| SHOPLISTING +0 plate armour (322 gold, have 101).
  2768 | D:4      | 2768 ||| SHOPLISTING +2 cloak of stealth (301 gold, have
                  | 101).
  2768 | D:4      | 2768 ||| SHOPLISTING +4 chain mail of poison resistance
                  | (399 gold, have 101).
  2843 | D:4      | 2843 ||| Stepping ~*~*~tactically~*~*~ (stealth).
  2926 | D:4      | Found a sand-covered staircase.
  2927 | D:4      | 2927 ||| UPGRADING to +6 ring of dexterity.
  2928 | D:4      | 2928 ||| READING scroll labelled GIERGH METHEI.
  2962 | D:4      | 2962 ||| DRINKING 2 fuming golden potions.
  2971 | Ossuary  | Entered an ossuary
  3099 | Ossuary  | 3099 ||| Stepping ~*~*~tactically~*~*~ (stealth).
  3132 | Ossuary  | Reached skill level 5 in Fighting
  3137 | Ossuary  | 3137 ||| Stepping ~*~*~tactically~*~*~ (stealth).
  3199 | Ossuary  | 3199 ||| Stepping ~*~*~tactically~*~*~ (stealth).
  3214 | Ossuary  | Reached XP level 8. HP: 45/49 MP: 8/8
  3385 | Ossuary  | 3385 ||| DRINKING 2 white potions.
  3486 | Ossuary  | 3486 ||| DRINKING 2 fuming green potions.
  3487 | Ossuary  | 3487 ||| READING 3 scrolls of identify.
  3487 | Ossuary  | 3487 ||| IDENTIFYING sedimented emerald potion
  3488 | Ossuary  | 3488 ||| READING 2 scrolls of identify.
  3488 | Ossuary  | 3488 ||| IDENTIFYING viscous coppery potion
  3489 | Ossuary  | 3489 ||| DROPPING potion of brilliance.
  3490 | Ossuary  | 3490 ||| DROPPING potion of ambrosia.
  3504 | D:4      | 3504 ||| PLANNING D:1-11
  3590 | D:4      | Found a snail-covered altar of Cheibriados.
  3756 | D:4      | 3756 ||| READING scroll labelled KECIVU XEUQUU.
  3757 | D:4      | 3757 ||| READING 2 scrolls of identify.
  3757 | D:4      | 3757 ||| IDENTIFYING sedimented sapphire potion
  3792 | D:5      | Entered Level 5 of the Dungeon
  3878 | D:5      | 3878 ||| Stepping ~*~*~tactically~*~*~ (hiding).
  3897 | D:5      | 3897 ||| DRINKING potion of curing.
  3897 | D:5      | 3897 ||| (to cure confusion)
  4035 | D:5      | Found Ismaom's Antique Armour Boutique.
  4043 | D:5      | 4043 ||| BUYING cloak (121 gold).
  4043 | D:5      | Bought a cloak for 121 gold pieces
  4043 | D:5      | 4043 ||| SHOPLISTING plate armour (621 gold, have 17).
  4105 | D:5      | Found a hazy altar of Hepliaklqana.
  4143 | D:5      | Found Meudeo's Distillery.
  4151 | D:5      | 4151 ||| SHOPLISTING potion of heal wounds (55 gold, have
                  | 17).
  4151 | D:5      | 4151 ||| SHOPLISTING potion of lignification (33 gold, have
                  | 17).
  4206 | D:5      | Reached skill level 6 in Fighting
  4253 | D:5      | Found a staircase to the Ecumenical Temple.
  4254 | D:5      | 4254 ||| PLANNING TEMPLE
  4254 | D:5      | 4254 ||| UPGRADING to +0 cloak.
  4259 | D:5      | 4259 ||| READING 2 scrolls of identify.
  4259 | D:5      | 4259 ||| IDENTIFYING sedimented yellow potion
  4260 | D:5      | 4260 ||| DROPPING potion of flight.
  4266 | D:5      | 4266 ||| FLEEEEING.
  4267 | D:5      | 4267 ||| FLEEEEING.
  4268 | D:5      | 4268 ||| FLEEEEING.
  4269 | D:5      | 4269 ||| FLEEEEING.
  4270 | D:5      | 4270 ||| FLEEEEING.
  4271 | D:5      | 4271 ||| FLEEEEING.
  4272 | D:5      | 4272 ||| FLEEEEING.
  4273 | D:5      | 4273 ||| FLEEEEING.
  4274 | D:5      | 4274 ||| FLEEEEING.
  4281 | D:5      | 4281 ||| FLEEEEING.
  4282 | D:5      | 4282 ||| FLEEEEING.
  4284 | D:5      | 4284 ||| FLEEEEING.
  4285 | D:5      | 4285 ||| BUYING potion of lignification (33 gold).
  4285 | D:5      | Bought a potion of lignification for 33 gold pieces
  4285 | D:5      | 4285 ||| SHOPLISTING potion of lignification (33 gold, have
                  | 3).
  4287 | D:5      | 4287 ||| FLEEEEING.
  4288 | D:5      | 4288 ||| FLEEEEING.
  4289 | D:5      | 4289 ||| FLEEEEING.
  4292 | D:5      | 4292 ||| FLEEEEING.
  4293 | D:5      | 4293 ||| FLEEEEING.
  4295 | D:5      | 4295 ||| FLEEEEING.
  4296 | D:5      | 4296 ||| FLEEEEING.
  4297 | D:5      | 4297 ||| FLEEEEING.
  4299 | D:5      | 4299 ||| FLEEEEING.
  4300 | D:5      | 4300 ||| FLEEEEING.
  4301 | D:5      | 4301 ||| FLEEEEING.
  4302 | D:5      | 4302 ||| FLEEEEING.
  4303 | D:5      | 4303 ||| STAIRDANCE
  4307 | D:5      | 4307 ||| STAIRDANCE
  4369 | Temple   | Entered the Ecumenical Temple
  4380 | Temple   | 4380 ||| PLANNING OKAWARU WORSHIP
  4470 | Temple   | Became a worshipper of Warmaster Okawaru
  4471 | Temple   | 4471 ||| PLANNING D:1-11
  4595 | D:5      | 4595 ||| Stepping ~*~*~tactically~*~*~ (stealth).
  4614 | D:5      | Found Anofunos's Book Shop.
  4867 | D:5      | 4867 ||| READING scroll labelled GILESEN GIROIF.
  5092 | D:6      | Found a broken altar of Ashenzari.
  5131 | D:6      | Found a sparkling altar of Nemelex Xobeh.
  5410 | D:6      | Reached XP level 9. HP: 53/55 MP: 9/9
  5416 | D:6      | Found a stormy altar of Qazlal.
  5469 | D:6      | 5469 ||| FLEEEEING.
  5470 | D:6      | 5470 ||| FLEEEEING.
  5471 | D:6      | 5471 ||| FLEEEEING.
  5472 | D:6      | 5472 ||| FLEEEEING.
  5474 | D:6      | 5474 ||| FLEEEEING.
  5475 | D:6      | 5475 ||| FLEEEEING.
  5476 | D:6      | 5476 ||| FLEEEEING.
  5477 | D:6      | 5477 ||| FLEEEEING.
  5478 | D:6      | 5478 ||| FLEEEEING.
  5479 | D:6      | 5479 ||| FLEEEEING.
  5480 | D:6      | 5480 ||| FLEEEEING.
  5481 | D:6      | 5481 ||| FLEEEEING.
  5482 | D:6      | 5482 ||| FLEEEEING.
  5483 | D:6      | 5483 ||| FLEEEEING.
  5484 | D:6      | 5484 ||| FLEEEEING.
  5485 | D:6      | 5485 ||| FLEEEEING.
  5486 | D:6      | 5486 ||| FLEEEEING.
  5487 | D:6      | 5487 ||| FLEEEEING.
  5495 | D:6      | Noticed Sigmund
  5497 | D:6      | Reached skill level 9 in Axes
  5505 | D:6      | Killed Sigmund
  5683 | D:6      | 5683 ||| UPGRADING to +0 pair of boots.
  5688 | D:6      | 5688 ||| UPGRADING to +4 ring of slaying {mikee}.
  5689 | D:6      | 5689 ||| READING scroll labelled WIBOYHA VYNEU.
  5719 | D:7      | 5719 ||| STAIRDANCE
  5774 | D:7      | 5774 ||| Stepping ~*~*~tactically~*~*~ (stealth).
  5778 | D:7      | 5778 ||| Stepping ~*~*~tactically~*~*~ (stealth).
  5779 | D:7      | 5779 ||| Stepping ~*~*~tactically~*~*~ (hiding).
  5788 | D:7      | Reached * piety under Okawaru
  5789 | D:7      | Reached skill level 7 in Fighting
  5789 | D:7      | 5789 ||| FLEEEEING.
  5790 | D:7      | 5790 ||| FLEEEEING.
  5791 | D:7      | 5791 ||| FLEEEEING.
  5792 | D:7      | 5792 ||| FLEEEEING.
  5794 | D:7      | 5794 ||| FLEEEEING.
  5795 | D:7      | 5795 ||| FLEEEEING.
  5796 | D:7      | 5796 ||| FLEEEEING.
  5797 | D:7      | 5797 ||| FLEEEEING.
  5798 | D:7      | 5798 ||| FLEEEEING.
  5799 | D:7      | 5799 ||| FLEEEEING.
  5800 | D:7      | 5800 ||| FLEEEEING.
  5801 | D:7      | 5801 ||| STAIRDANCE
  5850 | D:7      | Reached skill level 1 in Invocations
  5962 | D:7      | 5962 ||| INVOKING Heroism.
  6008 | D:7      | 6008 ||| Stepping ~*~*~tactically~*~*~ (stealth).
  6035 | D:7      | 6035 ||| Stepping ~*~*~tactically~*~*~ (hiding).
  6038 | D:7      | 6038 ||| Stepping ~*~*~tactically~*~*~ (hiding).
  6046 | D:7      | Reached skill level 1 in Throwing
  6046 | D:7      | Reached skill level 3 in Invocations
  6097 | D:7      | Reached skill level 6 in Armour
  6213 | D:7      | 6213 ||| Stepping ~*~*~tactically~*~*~ (hiding).
  6214 | D:7      | 6214 ||| Stepping ~*~*~tactically~*~*~ (hiding).
  6215 | D:7      | 6215 ||| Stepping ~*~*~tactically~*~*~ (hiding).
  6307 | D:7      | 6307 ||| INVOKING Heroism.
  6311 | D:7      | 6311 ||| Stepping ~*~*~tactically~*~*~ (stealth).
  6371 | D:7      | 6371 ||| READING scroll of enchant weapon.
  6371 | D:7      | 6371 ||| ENCHANTING +2 vampiric war axe.
  6511 | D:7      | 6511 ||| UPGRADING to +0 kite shield.
  6521 | D:7      | 6521 ||| DROPPING +0 buckler.
  6522 | D:7      | 6522 ||| DROPPING +6 ring of intelligence.
  6523 | D:7      | 6523 ||| UPGRADING to ring of protection from fire.
  6525 | D:7      | 6525 ||| READING scroll labelled ZAT ILIUDEULE.
  6525 | D:7      | Identified a scroll of acquirement
  6525 | D:7      | 6525 ||| ACQUIRING -2 hat of the Alchemist {rElec rPois rF+
                  | rC+ rN+ Will+ rMut rCorr}
  6525 | D:7      | Acquired the -2 hat of the Alchemist {rElec rPois rF+ rC+
                  | rN+ Will+ rMut rCorr}
  6525 | D:7      | Found the -2 hat of the Alchemist {rElec rPois rF+ rC+ rN+
                  | Will+ rMut rCorr}
  6527 | D:7      | 6527 ||| UPGRADING to -2 hat of the Alchemist {rElec rPois
                  | rF+ rC+ rN+ Will+ rMut rCorr}.
  6537 | D:7      | 6537 ||| UPGRADING to +6 ring of dexterity.
  6539 | D:7      | 6539 ||| READING 2 scrolls of identify.
  6539 | D:7      | 6539 ||| IDENTIFYING brown potion
  6540 | D:7      | 6540 ||| DROPPING potion of invisibility.
  6555 | D:8      | 6555 ||| Stepping ~*~*~tactically~*~*~ (stealth).
  6559 | D:8      | 6559 ||| Stepping ~*~*~tactically~*~*~ (stealth).
  6564 | D:8      | 6564 ||| INVOKING Heroism.
  6566 | D:8      | Reached XP level 10. HP: 38/63 MP: 10/13
  6567 | D:8      | Reached ** piety under Okawaru
  6569 | D:8      | Reached skill level 6 in Shields
  6631 | D:8      | 6631 ||| Stepping ~*~*~tactically~*~*~ (hiding).
  6642 | D:8      | 6642 ||| Stepping ~*~*~tactically~*~*~ (stealth).
  7025 | D:8      | Found an ornate altar of the Wu Jian Council.
  7110 | D:8      | Found a flagged portal.
  7206 | D:8      | 7206 ||| READING scroll labelled MEBLUN AJOKHEG.
  7297 | D:9      | Found a burning altar of Makhleb.
  7349 | D:9      | 7349 ||| Stepping ~*~*~tactically~*~*~ (stealth).
  7388 | D:9      | 7388 ||| INVOKING Heroism.
  7398 | D:9      | Reached *** piety under Okawaru
  7419 | D:9      | 7419 ||| READING scroll of enchant armour.
  7419 | D:9      | 7419 ||| ENCHANTING +0 pair of gloves.
  7426 | D:9      | Noticed a two-headed ogre
  7427 | D:9      | 7427 ||| INVOKING Heroism.
  7430 | D:9      | 7430 ||| Stepping ~*~*~tactically~*~*~ (stealth).
  7431 | D:9      | 7431 ||| Stepping ~*~*~tactically~*~*~ (stealth).
  7435 | D:9      | Killed a two-headed ogre
  7436 | D:9      | Reached skill level 9 in Shields
  7530 | D:9      | Noticed a centaur warrior
  7531 | D:9      | 7531 ||| Stepping ~*~*~tactically~*~*~ (stealth).
  7533 | D:9      | 7533 ||| Stepping ~*~*~tactically~*~*~ (hiding).
  7545 | D:9      | 7545 ||| Stepping ~*~*~tactically~*~*~ (stealth).
  7549 | D:9      | 7549 ||| INVOKING Heroism.
  7561 | D:9      | Killed a centaur warrior
  7576 | D:9      | 7576 ||| Stepping ~*~*~tactically~*~*~ (stealth).
  7577 | D:9      | 7577 ||| INVOKING Heroism.
  7579 | D:9      | Noticed a wizard
  7579 | D:9      | Noticed a kobold demonologist
  7579 | D:9      | Noticed a kobold demonologist
  7582 | D:9      | Noticed a sun demon
  7585 | D:9      | Noticed a kobold demonologist
  7588 | D:9      | Killed a kobold demonologist
  7588 | D:9      | Reached **** piety under Okawaru
  7589 | D:9      | Reached XP level 11. HP: 68/68 MP: 12/14
  7593 | D:9      | Killed a wizard
  7594 | D:9      | Reached skill level 8 in Fighting
  7604 | D:9      | 7604 ||| INVOKING Heroism.
  7658 | D:9      | Found El's Dragon-Slaying Spoils.
  7665 | D:9      | 7665 ||| SHOPLISTING +0 fire dragon scales (900 gold, have
                  | 214).
  7665 | D:9      | 7665 ||| SHOPLISTING +0 gold dragon scales (1200 gold, have
                  | 214).
  7665 | D:9      | 7665 ||| SHOPLISTING +1 shadow dragon scales (1305 gold,
                  | have 214).
  7665 | D:9      | 7665 ||| SHOPLISTING +1 storm dragon scales "Ettaxkin"
                  | {rElec MP+9 Str+2 Int+3} (1719 gold, have 214).
  7665 | D:9      | 7665 ||| SHOPLISTING +2 acid dragon scales (780 gold, have
                  | 214).
  7665 | D:9      | 7665 ||| SHOPLISTING +2 ice dragon scales (1080 gold, have
                  | 214).
  7665 | D:9      | 7665 ||| SHOPLISTING +8 pearl dragon scales of the Falcon
                  | {rC+ rN+ Int+3} (2070 gold, have 214).
  7665 | D:9      | 7665 ||| SHOPLISTING quicksilver dragon scales (900 gold,
                  | have 214).
  7694 | D:9      | Found the +3 woodcutter's axe {vorpal}
  7720 | D:9      | Identified the +11 long sword "Worm's Wrath" {protect,
                  | *Rage rF++ Str+4}
  7739 | D:9      | 7739 ||| Stepping ~*~*~tactically~*~*~ (stealth).
  7740 | D:9      | 7740 ||| Stepping ~*~*~tactically~*~*~ (stealth).
  7768 | D:9      | 7768 ||| INVOKING Heroism.
  7851 | D:9      | Found an iron altar of Okawaru.
  7981 | D:9      | 7981 ||| Stepping ~*~*~tactically~*~*~ (stealth).
  7986 | D:9      | 7986 ||| Stepping ~*~*~tactically~*~*~ (stealth).
  8000 | D:9      | 8000 ||| INVOKING Heroism.
  8012 | D:9      | Reached skill level 6 in Invocations
  8036 | D:9      | Reached ***** piety under Okawaru
  8192 | D:9      | Received a gift from Okawaru
  8318 | D:9      | 8318 ||| READING scroll of enchant armour.
  8318 | D:9      | 8318 ||| ENCHANTING +1 pair of gloves.
  8415 | D:9      | 8415 ||| DROPPING +2 robe of resistance.
  8416 | D:9      | 8416 ||| UPGRADING to +0 plate armour.
  8426 | D:9      | 8426 ||| DROPPING +0 chain mail.
  8427 | D:9      | 8427 ||| READING 2 scrolls of identify.
  8427 | D:9      | 8427 ||| IDENTIFYING viscous sapphire potion
  8450 | D:10     | Entered Level 10 of the Dungeon
  8468 | D:10     | 8468 ||| Stepping ~*~*~tactically~*~*~ (stealth).
  8470 | D:10     | 8470 ||| Stepping ~*~*~tactically~*~*~ (stealth).
  8473 | D:10     | 8473 ||| INVOKING Heroism.
  8485 | D:10     | Identified the +3 buckler "Matiluc" {Slay+5} (Okawaru
                  | gifted it to you on level 10 of the Dungeon)
  8485 | D:10     | Received a gift from Okawaru
  8639 | D:10     | 8639 ||| Stepping ~*~*~tactically~*~*~ (hiding).
  8641 | D:10     | 8641 ||| Stepping ~*~*~tactically~*~*~ (hiding).
  8832 | D:10     | Found an opulent altar of Gozag.
  9059 | D:11     | 9059 ||| INVOKING Heroism.
  9082 | D:11     | Found a staircase to the Lair.
  9117 | D:11     | 9117 ||| Stepping ~*~*~tactically~*~*~ (stealth).
  9126 | D:11     | 9126 ||| Stepping ~*~*~tactically~*~*~ (stealth).
  9152 | D:11     | 9152 ||| INVOKING Heroism.
  9153 | D:11     | 9153 ||| Stepping ~*~*~tactically~*~*~ (stealth).
  9155 | D:11     | 9155 ||| Stepping ~*~*~tactically~*~*~ (stealth).
  9163 | D:11     | 9163 ||| Stepping ~*~*~tactically~*~*~ (stealth).
  9165 | D:11     | Reached XP level 12. HP: 74/74 MP: 16/18
  9235 | D:11     | 9235 ||| Stepping ~*~*~tactically~*~*~ (stealth).
  9237 | D:11     | 9237 ||| INVOKING Heroism.
  9370 | D:11     | 9370 ||| Stepping ~*~*~tactically~*~*~ (stealth).
  9374 | D:11     | 9374 ||| Stepping ~*~*~tactically~*~*~ (stealth).
  9377 | D:11     | 9377 ||| INVOKING Heroism.
  9390 | D:11     | Reached skill level 9 in Invocations
  9459 | D:11     | 9459 ||| Stepping ~*~*~tactically~*~*~ (stealth).
  9460 | D:11     | 9460 ||| Stepping ~*~*~tactically~*~*~ (stealth).
  9742 | D:11     | 9742 ||| Stepping ~*~*~tactically~*~*~ (hiding).
  9747 | D:11     | 9747 ||| INVOKING Heroism.
  9908 | D:11     | Noticed a tengu warrior
  9910 | D:11     | Noticed a tengu warrior
  9917 | D:11     | 9917 ||| INVOKING Heroism.
  9919 | D:11     | Killed a tengu warrior
  9931 | D:11     | Killed a tengu warrior
 10137 | D:11     | 10137 ||| PLANNING LAIR
 10137 | D:11     | 10137 ||| DROPPING ring of willpower.
 10138 | D:11     | 10138 ||| READING scroll labelled ZAJARCHORYS.
 10139 | D:11     | 10139 ||| DRINKING 2 fuming sapphire potions.
 10180 | Lair:1   | Entered Level 1 of the Lair of Beasts
 10340 | Lair:1   | 10340 ||| INVOKING Heroism.
 10344 | Lair:1   | Reached skill level 9 in Fighting
 10382 | Lair:1   | 10382 ||| Stepping ~*~*~tactically~*~*~ (stealth).
 10387 | Lair:1   | 10387 ||| INVOKING Heroism.
 10559 | Lair:1   | Noticed a catoblepas
 10560 | Lair:1   | 10560 ||| INVOKING Heroism.
 10561 | Lair:1   | 10561 ||| INVOKING Finesse.
 10573 | Lair:1   | Killed a catoblepas
 10890 | Lair:1   | 10890 ||| Stepping ~*~*~tactically~*~*~ (stealth).
 10892 | Lair:1   | 10892 ||| INVOKING Heroism.
 10896 | Lair:1   | 10896 ||| Stepping ~*~*~tactically~*~*~ (stealth).
 10898 | Lair:1   | 10898 ||| Stepping ~*~*~tactically~*~*~ (stealth).
 10907 | Lair:1   | 10907 ||| Stepping ~*~*~tactically~*~*~ (stealth).
 10926 | Lair:1   | Reached skill level 12 in Axes
 10961 | Lair:1   | Received a gift from Okawaru
 10979 | Lair:1   | 10979 ||| READING scroll of enchant weapon.
 10979 | Lair:1   | 10979 ||| ENCHANTING +3 vampiric war axe.
 11179 | Lair:2   | Found a staircase to the Snake Pit.
 11180 | Lair:2   | 11180 ||| INVOKING Heroism.
 11191 | Lair:2   | Reached skill level 9 in Armour
 11191 | Lair:2   | Received a gift from Okawaru
 11199 | Lair:2   | Reached skill level 3 in Dodging
 11208 | Lair:2   | Reached XP level 13. HP: 64/80 MP: 20/20
 11701 | Lair:2   | 11701 ||| INVOKING Heroism.
 11743 | Lair:2   | 11743 ||| Stepping ~*~*~tactically~*~*~ (stealth).
 11759 | Lair:2   | Reached skill level 3 in Throwing
 11765 | Lair:2   | Reached skill level 10 in Fighting
 12060 | Lair:3   | 12060 ||| Stepping ~*~*~tactically~*~*~ (stealth).
 12062 | Lair:3   | 12062 ||| INVOKING Heroism.
 12073 | Lair:3   | Identified the +0 robe of the Morning Star {Rampage rPois
                  | Will+ Str-4} (Okawaru gifted it to you on level 3 of the
                  | Lair of Beasts)
 12073 | Lair:3   | Received a gift from Okawaru
 12121 | Lair:3   | Found a staircase to the Swamp.
 12130 | Lair:3   | 12130 ||| Stepping ~*~*~tactically~*~*~ (hiding).
 12134 | Lair:3   | 12134 ||| INVOKING Heroism.
 12135 | Lair:3   | 12135 ||| INVOKING Finesse.
 12155 | Lair:3   | 12155 ||| SWAPPING to +0 flail.
 12156 | Lair:3   | 12156 ||| Stepping ~*~*~tactically~*~*~ (outnumbered).
 12157 | Lair:3   | 12157 ||| Stepping ~*~*~tactically~*~*~ (outnumbered).
 12168 | Lair:3   | 12168 ||| Stepping ~*~*~tactically~*~*~ (outnumbered).
 12176 | Lair:3   | 12176 ||| SWAPPING to +4 vampiric war axe.
 12249 | Lair:3   | 12249 ||| READING scroll of enchant armour.
 12249 | Lair:3   | 12249 ||| ENCHANTING +0 pair of boots.
 12253 | Lair:3   | Noticed Amaemon
 12254 | Lair:3   | 12254 ||| INVOKING Heroism.
 12264 | Lair:3   | Killed Amaemon
 12276 | Lair:3   | 12276 ||| DROPPING +0 flail.
 12314 | Lair:3   | 12314 ||| INVOKING Heroism.
 12406 | Lair:3   | 12406 ||| INVOKING Heroism.
 12562 | Lair:3   | 12562 ||| INVOKING Heroism.
 12563 | Lair:3   | 12563 ||| INVOKING Finesse.
 12565 | Lair:3   | 12565 ||| SWAPPING to +0 demon whip of venom.
 12574 | Lair:3   | 12574 ||| SWAPPING to +4 vampiric war axe.
 12628 | Lair:3   | 12628 ||| INVOKING Heroism.
 12684 | Lair:3   | 12684 ||| INVOKING Heroism.
 12685 | Lair:3   | 12685 ||| INVOKING Finesse.
 12687 | Lair:3   | 12687 ||| SWAPPING to +0 demon whip of venom.
 12693 | Lair:3   | 12693 ||| SWAPPING to +4 vampiric war axe.
 12884 | Lair:3   | 12884 ||| Stepping ~*~*~tactically~*~*~ (stealth).
 12944 | Lair:3   | 12944 ||| INVOKING Heroism.
 13074 | Lair:3   | 13074 ||| INVOKING Heroism.
 13113 | Lair:4   | 13113 ||| Stepping ~*~*~tactically~*~*~ (stealth).
 13115 | Lair:4   | 13115 ||| INVOKING Heroism.
 13116 | Lair:4   | 13116 ||| Stepping ~*~*~tactically~*~*~ (stealth).
 13124 | Lair:4   | Gained mutation: Your large and strong wings let you fly.
                  | [Gargoyle growth]
 13124 | Lair:4   | Reached XP level 14. HP: 88/88 MP: 19/21
 13210 | Lair:4   | 13210 ||| Stepping ~*~*~tactically~*~*~ (stealth).
 13242 | Lair:4   | 13242 ||| INVOKING Heroism.
 13243 | Lair:4   | 13243 ||| INVOKING Finesse.
 13257 | Lair:4   | Found a viscous altar of Jiyva.
 13292 | Lair:4   | Found a staircase to the Slime Pits.
 13342 | Lair:4   | 13342 ||| Stepping ~*~*~tactically~*~*~ (stealth).
 13400 | Lair:4   | 13400 ||| Stepping ~*~*~tactically~*~*~ (hiding).
 13403 | Lair:4   | 13403 ||| INVOKING Heroism.
 13419 | Lair:4   | 13419 ||| Stepping ~*~*~tactically~*~*~ (stealth).
 13445 | Lair:4   | 13445 ||| Stepping ~*~*~tactically~*~*~ (stealth).
 13452 | Lair:4   | 13452 ||| Stepping ~*~*~tactically~*~*~ (stealth).
 13467 | Lair:4   | 13467 ||| Stepping ~*~*~tactically~*~*~ (stealth).
 13468 | Lair:4   | 13468 ||| Stepping ~*~*~tactically~*~*~ (stealth).
 13472 | Lair:4   | 13472 ||| INVOKING Heroism.
 13474 | Lair:4   | 13474 ||| Stepping ~*~*~tactically~*~*~ (hiding).
 13525 | Lair:4   | 13525 ||| Stepping ~*~*~tactically~*~*~ (stealth).
 13528 | Lair:4   | 13528 ||| Stepping ~*~*~tactically~*~*~ (stealth).
 13531 | Lair:4   | 13531 ||| Stepping ~*~*~tactically~*~*~ (stealth).
 13534 | Lair:4   | 13534 ||| Stepping ~*~*~tactically~*~*~ (stealth).
 13731 | Lair:4   | 13731 ||| Stepping ~*~*~tactically~*~*~ (stealth).
 13733 | Lair:4   | 13733 ||| INVOKING Heroism.
 13889 | Lair:4   | 13889 ||| Stepping ~*~*~tactically~*~*~ (stealth).
 13890 | Lair:4   | Found a frozen archway.
 13897 | Lair:4   | 13897 ||| INVOKING Heroism.
 14155 | Lair:4   | Identified the +0 robe of Decaying the Good {rF+ Regen+
                  | Str+3 Dex-5}
 14227 | Lair:5   | Entered Level 5 of the Lair of Beasts
 14229 | Lair:5   | 14229 ||| INVOKING Heroism.
 14230 | Lair:5   | 14230 ||| STAIRDANCE
 14243 | Lair:5   | 14243 ||| STAIRDANCE
 14253 | Lair:5   | 14253 ||| STAIRDANCE
 14261 | Lair:4   | Reached skill level 11 in Fighting
 14331 | Lair:5   | 14331 ||| Stepping ~*~*~tactically~*~*~ (stealth).
 14337 | Lair:5   | 14337 ||| Stepping ~*~*~tactically~*~*~ (stealth).
 14355 | Lair:5   | 14355 ||| Stepping ~*~*~tactically~*~*~ (stealth).
 14356 | Lair:5   | 14356 ||| Stepping ~*~*~tactically~*~*~ (stealth).
 14357 | Lair:5   | 14357 ||| Stepping ~*~*~tactically~*~*~ (stealth).
 14403 | Lair:5   | 14403 ||| INVOKING Heroism.
 14405 | Lair:5   | 14405 ||| Stepping ~*~*~tactically~*~*~ (stealth).
 14457 | Lair:5   | 14457 ||| Stepping ~*~*~tactically~*~*~ (stealth).
 14483 | Lair:5   | Reached skill level 12 in Shields
 14498 | Lair:5   | 14498 ||| Stepping ~*~*~tactically~*~*~ (stealth).
 14499 | Lair:5   | 14499 ||| Stepping ~*~*~tactically~*~*~ (stealth).
 14500 | Lair:5   | 14500 ||| Stepping ~*~*~tactically~*~*~ (stealth).
 14501 | Lair:5   | 14501 ||| Stepping ~*~*~tactically~*~*~ (stealth).
 14522 | Lair:5   | 14522 ||| Stepping ~*~*~tactically~*~*~ (stealth).
 14527 | Lair:5   | Noticed a dire elephant
 14528 | Lair:5   | 14528 ||| INVOKING Heroism.
 14532 | Lair:5   | Received a gift from Okawaru
 14534 | Lair:5   | 14534 ||| Stepping ~*~*~tactically~*~*~ (stealth).
 14542 | Lair:5   | Killed a dire elephant
 14546 | Lair:5   | 14546 ||| Stepping ~*~*~tactically~*~*~ (stealth).
 14548 | Lair:5   | 14548 ||| INVOKING Finesse.
 14556 | Lair:5   | 14556 ||| Stepping ~*~*~tactically~*~*~ (hiding).
 14576 | Lair:5   | 14576 ||| Stepping ~*~*~tactically~*~*~ (stealth).
 14589 | Lair:5   | 14589 ||| Stepping ~*~*~tactically~*~*~ (stealth).
 14626 | Lair:5   | 14626 ||| INVOKING Heroism.
 14627 | Lair:5   | 14627 ||| INVOKING Finesse.
 14628 | Lair:5   | 14628 ||| Stepping ~*~*~tactically~*~*~ (stealth).
 14686 | Lair:5   | 14686 ||| INVOKING Heroism.
 14687 | Lair:5   | 14687 ||| INVOKING Finesse.
 14808 | Lair:5   | 14808 ||| INVOKING Heroism.
 14809 | Lair:5   | 14809 ||| INVOKING Finesse.
 14810 | Lair:5   | 14810 ||| Stepping ~*~*~tactically~*~*~ (stealth).
 14833 | Lair:5   | Reached skill level 15 in Axes
 14933 | Lair:5   | 14933 ||| Stepping ~*~*~tactically~*~*~ (hiding).
 15509 | Lair:5   | 15509 ||| Stepping ~*~*~tactically~*~*~ (stealth).
 15513 | Lair:5   | 15513 ||| Stepping ~*~*~tactically~*~*~ (stealth).
 15516 | Lair:5   | 15516 ||| INVOKING Heroism.
 15536 | Lair:5   | 15536 ||| Stepping ~*~*~tactically~*~*~ (stealth).
 15544 | Lair:5   | 15544 ||| Stepping ~*~*~tactically~*~*~ (hiding).
 15548 | Lair:5   | 15548 ||| INVOKING Heroism.
 15558 | Lair:5   | 15558 ||| Stepping ~*~*~tactically~*~*~ (stealth).
 15564 | Lair:5   | Reached ****** piety under Okawaru
 15564 | Lair:5   | Identified the +0 chain mail "Ydoon" {rPois} (Okawaru
                  | gifted it to you on level 5 of the Lair of Beasts)
 15564 | Lair:5   | Received a gift from Okawaru
 15579 | Lair:5   | 15579 ||| Stepping ~*~*~tactically~*~*~ (stealth).
 15582 | Lair:5   | 15582 ||| Stepping ~*~*~tactically~*~*~ (stealth).
 15588 | Lair:5   | Reached XP level 15. HP: 94/94 MP: 22/22
 15592 | Lair:5   | 15592 ||| Stepping ~*~*~tactically~*~*~ (stealth).
 15611 | Lair:5   | 15611 ||| Stepping ~*~*~tactically~*~*~ (hiding).
 15631 | Lair:5   | 15631 ||| READING 3 scrolls of acquirement.
 15631 | Lair:5   | 15631 ||| ACQUIRING 1176 gold pieces
 15631 | Lair:5   | Acquired 1176 gold pieces
 15633 | Lair:5   | 15633 ||| READING 2 scrolls of acquirement.
 15633 | Lair:5   | 15633 ||| ACQUIRING +4 war axe of Okawaru's Condemnation
                  | {vorpal, rElec rC+ Dex-3}
 15633 | Lair:5   | Acquired the +4 war axe of Okawaru's Condemnation {vorpal,
                  | rElec rC+ Dex-3}
 15635 | Lair:5   | 15635 ||| READING scroll of acquirement.
 15635 | Lair:5   | 15635 ||| ACQUIRING ring "Kudus" {rC+ rN+ Will+ Str+5}
 15635 | Lair:5   | Acquired the ring "Kudus" {rC+ rN+ Will+ Str+5}
 15637 | Lair:5   | 15637 ||| UPGRADING to ring "Kudus" {rC+ rN+ Will+ Str+5}.
 15667 | Lair:5   | 15667 ||| Stepping ~*~*~tactically~*~*~ (hiding).
 15690 | Lair:5   | Identified the +1 robe of the Land of Plenty {Will+ Str+4
                  | Int+2 Dex-3}
 15694 | Lair:5   | 15694 ||| Stepping ~*~*~tactically~*~*~ (stealth).
 15696 | Lair:5   | 15696 ||| Stepping ~*~*~tactically~*~*~ (hiding).
 15828 | Lair:5   | 15828 ||| Stepping ~*~*~tactically~*~*~ (hiding).
 15841 | Lair:5   | 15841 ||| Stepping ~*~*~tactically~*~*~ (hiding).
 15867 | Lair:5   | 15867 ||| Stepping ~*~*~tactically~*~*~ (stealth).
 15899 | Lair:5   | 15899 ||| Stepping ~*~*~tactically~*~*~ (stealth).
 15901 | Lair:5   | 15901 ||| Stepping ~*~*~tactically~*~*~ (hiding).
 15902 | Lair:5   | 15902 ||| Stepping ~*~*~tactically~*~*~ (hiding).
 16064 | Lair:5   | 16064 ||| PLANNING D
 16064 | Lair:5   | 16064 ||| DROPPING +0 chain mail "Ydoon" {rPois}.
 16065 | Lair:5   | 16065 ||| UPGRADING to scarf of repulsion.
 16075 | Lair:5   | 16075 ||| DROPPING +2 hat of willpower.
 16076 | Lair:5   | 16076 ||| DROPPING +6 ring of dexterity.
 16077 | Lair:5   | 16077 ||| READING scroll labelled ELIPNEINOJ.
 16237 | D:12     | 16237 ||| STAIRDANCE
 16242 | D:12     | 16242 ||| STAIRDANCE
 16652 | D:12     | 16652 ||| INVOKING Heroism.
 16666 | D:12     | Reached skill level 12 in Fighting
 16677 | D:12     | Identified the +0 cloak of Sif Muna's Envy {rC+}
 16705 | D:12     | 16705 ||| INVOKING Heroism.
 16722 | D:12     | Found a staircase to the Orcish Mines.
 16727 | D:12     | 16727 ||| Stepping ~*~*~tactically~*~*~ (stealth).
 16729 | D:12     | 16729 ||| Stepping ~*~*~tactically~*~*~ (stealth).
 16730 | D:12     | 16730 ||| Stepping ~*~*~tactically~*~*~ (stealth).
 16731 | D:12     | 16731 ||| Stepping ~*~*~tactically~*~*~ (hiding).
 16745 | D:12     | 16745 ||| Stepping ~*~*~tactically~*~*~ (stealth).
 16746 | D:12     | 16746 ||| Stepping ~*~*~tactically~*~*~ (stealth).
 16747 | D:12     | 16747 ||| Stepping ~*~*~tactically~*~*~ (stealth).
 17038 | D:12     | 17038 ||| DROPPING +0 cloak.
 17160 | D:13     | 17160 ||| Stepping ~*~*~tactically~*~*~ (stealth).
 17197 | D:13     | 17197 ||| READING scroll of enchant armour.
 17197 | D:13     | 17197 ||| ENCHANTING +1 pair of boots.
 17265 | D:13     | 17265 ||| Stepping ~*~*~tactically~*~*~ (stealth).
 17271 | D:13     | 17271 ||| INVOKING Heroism.
 17313 | D:13     | Noticed Joseph
 17329 | D:13     | Killed Joseph
 17364 | D:13     | Found Duur's Weapon Boutique.
 17624 | D:13     | 17624 ||| DROPPING +1 chain mail of positive energy.
 17657 | D:14     | 17657 ||| FLEEEEING.
 17761 | D:14     | 17761 ||| FLEEEEING.
 17762 | D:14     | 17762 ||| FLEEEEING.
 17763 | D:14     | 17763 ||| FLEEEEING.
 17764 | D:14     | 17764 ||| FLEEEEING.
 17765 | D:14     | 17765 ||| FLEEEEING.
 17767 | D:14     | 17767 ||| FLEEEEING.
 17768 | D:14     | 17768 ||| FLEEEEING.
 17769 | D:14     | 17769 ||| FLEEEEING.
 17770 | D:14     | 17770 ||| FLEEEEING.
 17771 | D:14     | 17771 ||| FLEEEEING.
 17772 | D:14     | 17772 ||| FLEEEEING.
 17773 | D:14     | 17773 ||| FLEEEEING.
 17774 | D:14     | 17774 ||| FLEEEEING.
 17775 | D:14     | 17775 ||| FLEEEEING.
 17776 | D:14     | 17776 ||| FLEEEEING.
 17782 | D:14     | 17782 ||| INVOKING Heroism.
 17835 | D:14     | 17835 ||| INVOKING Heroism.
 17966 | D:14     | 17966 ||| READING scroll of enchant weapon.
 17966 | D:14     | 17966 ||| ENCHANTING +4 vampiric war axe.
 18014 | D:14     | 18014 ||| INVOKING Heroism.
 18023 | D:14     | Received a gift from Okawaru
 18165 | D:14     | Found a gate to the Vaults.
 18546 | D:15     | Entered Level 15 of the Dungeon
 18565 | D:15     | 18565 ||| READING scroll of enchant weapon.
 18565 | D:15     | 18565 ||| ENCHANTING +5 vampiric war axe.
 18575 | D:15     | 18575 ||| Stepping ~*~*~tactically~*~*~ (stealth).
 18578 | D:15     | 18578 ||| Stepping ~*~*~tactically~*~*~ (stealth).
 18579 | D:15     | 18579 ||| Stepping ~*~*~tactically~*~*~ (stealth).
 18583 | D:15     | Identified the +16 plate armour of Intercession {rC+ Str+4
                  | Dex-2} (Okawaru gifted it to you on level 15 of the
                  | Dungeon)
 18583 | D:15     | Received a gift from Okawaru
 18594 | D:15     | 18594 ||| INVOKING Heroism.
 18635 | D:15     | 18635 ||| Stepping ~*~*~tactically~*~*~ (hiding).
 18637 | D:15     | 18637 ||| Stepping ~*~*~tactically~*~*~ (hiding).
 18639 | D:15     | 18639 ||| Stepping ~*~*~tactically~*~*~ (hiding).
 18687 | D:15     | 18687 ||| Stepping ~*~*~tactically~*~*~ (stealth).
 18688 | D:15     | 18688 ||| Stepping ~*~*~tactically~*~*~ (hiding).
 18690 | D:15     | 18690 ||| Stepping ~*~*~tactically~*~*~ (hiding).
 18691 | D:15     | 18691 ||| Stepping ~*~*~tactically~*~*~ (hiding).
 18696 | D:15     | 18696 ||| INVOKING Heroism.
 18710 | D:15     | Reached skill level 13 in Fighting
 18750 | D:15     | 18750 ||| INVOKING Heroism.
 18759 | D:15     | 18759 ||| Stepping ~*~*~tactically~*~*~ (hiding).
 18780 | D:15     | 18780 ||| INVOKING Heroism.
 18796 | D:15     | Reached XP level 16. HP: 75/104 MP: 23/23
 18928 | D:15     | 18928 ||| INVOKING Heroism.
 18942 | D:15     | Reached skill level 12 in Armour
 19016 | D:15     | 19016 ||| INVOKING Heroism.
 19071 | D:15     | Found Plog's Antique Weapon Shop.
 19089 | D:15     | 19089 ||| Stepping ~*~*~tactically~*~*~ (stealth).
 19097 | D:15     | 19097 ||| INVOKING Heroism.
 19098 | D:15     | 19098 ||| Stepping ~*~*~tactically~*~*~ (stealth).
 19186 | D:15     | Found a staircase to the Depths.
 19288 | D:15     | 19288 ||| PLANNING ORC
 19288 | D:15     | 19288 ||| UPGRADING to +16 plate armour of Intercession
                  | {rC+ Str+4 Dex-2}.
 19298 | D:15     | 19298 ||| DROPPING +0 plate armour.
 19404 | Orc:1    | Entered Level 1 of the Orcish Mines
 19408 | Orc:1    | 19408 ||| Stepping ~*~*~tactically~*~*~ (stealth).
 19409 | Orc:1    | 19409 ||| INVOKING Heroism.
 19428 | Orc:1    | 19428 ||| INVOKING Heroism.
 19497 | Orc:1    | 19497 ||| Stepping ~*~*~tactically~*~*~ (hiding).
 19601 | Orc:2    | Entered Level 2 of the Orcish Mines
 19602 | Orc:2    | 19602 ||| PLANNING GAUNTLET
 19667 | Orc:2    | 19667 ||| INVOKING Heroism.
 19689 | Orc:2    | Noticed Snorg
 19690 | Orc:2    | 19690 ||| INVOKING Finesse.
 19703 | Orc:2    | Killed Snorg
 19768 | Orc:2    | Found a staircase to the Elven Halls.
 19800 | Orc:2    | 19800 ||| INVOKING Heroism.
 19800 | Orc:2    | Noticed Rupert
 19801 | Orc:2    | 19801 ||| INVOKING Finesse.
 19824 | Orc:2    | Killed Rupert
 19842 | Orc:2    | 19842 ||| Stepping ~*~*~tactically~*~*~ (hiding).
 19844 | Orc:2    | 19844 ||| Stepping ~*~*~tactically~*~*~ (hiding).
 19890 | Orc:2    | 19890 ||| Stepping ~*~*~tactically~*~*~ (hiding).
 19891 | Orc:2    | 19891 ||| Stepping ~*~*~tactically~*~*~ (hiding).
 19895 | Orc:2    | 19895 ||| INVOKING Heroism.
 19900 | Orc:2    | Found Zatetanty's Assorted Antiques.
 19900 | Orc:2    | Found Guumama's Jewellery Shop.
 19900 | Orc:2    | Found Ifyitah's Assorted Antiques.
 19913 | Orc:2    | Reached skill level 14 in Fighting
 19930 | Orc:2    | 19930 ||| DROPPING +0 demon whip of venom.
 19942 | Orc:2    | Found Fuett's Antique Armour Boutique.
 19949 | Orc:2    | 19949 ||| BUYING potion of curing (108 gold).
 19949 | Orc:2    | Bought a potion of curing for 108 gold pieces
 19949 | Orc:2    | 19949 ||| BUYING potion of mutation (288 gold).
 19949 | Orc:2    | Bought a potion of mutation for 288 gold pieces
 19949 | Orc:2    | 19949 ||| BUYING scroll of identify (72 gold).
 19949 | Orc:2    | Bought a scroll of identify for 72 gold pieces
 19950 | Orc:2    | 19950 ||| BUYING amulet of Vitality {RegenMP++ Regen++}
                  | (1400 gold).
 19950 | Orc:2    | Bought the amulet of Vitality {RegenMP++ Regen++} for 1400
                  | gold pieces
 19950 | Orc:2    | Found the amulet of Vitality {RegenMP++ Regen++}
 19950 | Orc:2    | 19950 ||| BUYING ring of protection from fire (350 gold).
 19950 | Orc:2    | Bought a ring of protection from fire for 350 gold pieces
 19950 | Orc:2    | 19950 ||| SHOPLISTING ring of the Tortoise {AC+8} (1792
                  | gold, have 895).
 19952 | Orc:2    | 19952 ||| BUYING embroidered cloak (240 gold).
 19952 | Orc:2    | Bought an embroidered cloak for 240 gold pieces
 19952 | Orc:2    | 19952 ||| BUYING runed hat (224 gold).
 19952 | Orc:2    | Bought a runed hat for 224 gold pieces
 19966 | Orc:2    | 19966 ||| Stepping ~*~*~tactically~*~*~ (stealth).
 19979 | Orc:2    | 19979 ||| Stepping ~*~*~tactically~*~*~ (hiding).
 20122 | Orc:2    | 20122 ||| Stepping ~*~*~tactically~*~*~ (stealth).
 20155 | Orc:2    | Found Oliptit's Book Emporium.
 20192 | Orc:2    | Found a gate leading to a gauntlet.
 20193 | Orc:2    | 20193 ||| DROPPING +2 hat.
 20194 | Orc:2    | 20194 ||| UPGRADING to amulet of Vitality {RegenMP++
                  | Regen++}.
 20199 | Orc:2    | 20199 ||| DROPPING ring of fire.
 20208 | Gauntlet | Entered a Gauntlet
 20208 | Gauntlet | Found a transporter.
 20208 | Gauntlet | Found a transporter.
 20221 | Gauntlet | Found a transporter.
 20239 | Gauntlet | Found a transporter.
 20240 | Gauntlet | Found a transporter.
 20243 | Gauntlet | Found a transporter.
 20243 | Gauntlet | Found a transporter.
 20244 | Gauntlet | Found a transporter.
 20255 | Gauntlet | Found a transporter.
 20270 | Gauntlet | Found a transporter.
 20282 | Gauntlet | Found a runed translucent door.
 20283 | Gauntlet | Found a transporter.
 20284 | Gauntlet | Found a runed translucent door.
 20298 | Gauntlet | Found a transporter.
 20318 | Gauntlet | Found a transporter.
 20319 | Gauntlet | Found a runed translucent door.
 20332 | Gauntlet | Found a transporter.
 20383 | Gauntlet | Identified the ring "Pisick" {rPois rCorr Int+4}
 20387 | Gauntlet | 20387 ||| READING 8 scrolls of identify.
 20387 | Gauntlet | 20387 ||| IDENTIFYING smoky purple potion
 20392 | Gauntlet | 20392 ||| INVOKING Heroism.
 20452 | Gauntlet | 20452 ||| INVOKING Heroism.
 20473 | Gauntlet | Identified the +0 cloak of the Depths {rF+ rN+ Str+4
                  | Stlth+}
 20492 | Gauntlet | 20492 ||| DROPPING +1 cloak of poison resistance.
 20493 | Gauntlet | 20493 ||| UPGRADING to +0 cloak of the Depths {rF+ rN+
                  | Str+4 Stlth+}.
 20503 | Gauntlet | 20503 ||| UPGRADING to +2 helmet.
 20513 | Gauntlet | 20513 ||| DROPPING scarf of repulsion.
 20520 | Orc:2    | 20520 ||| PLANNING ORC
 20539 | Orc:1    | Noticed Fannar
 20559 | Orc:1    | Killed Fannar
 20677 | Orc:1    | Reached skill level 6 in Throwing
 20846 | Orc:2    | 20846 ||| Stepping ~*~*~tactically~*~*~ (hiding).
 20997 | Orc:2    | 20997 ||| PLANNING SNAKE:1-3
 21155 | Snake:1  | Entered Level 1 of the Snake Pit
 21156 | Snake:1  | 21156 ||| INVOKING Heroism.
 21163 | Snake:1  | Identified the +6 broad axe "Killer Bee's Death" {holy,
                  | rPois rF- Will+++ Str+4} (Okawaru gifted it to you on level
                  | 1 of the Snake Pit)
 21163 | Snake:1  | Received a gift from Okawaru
 21179 | Snake:1  | 21179 ||| DROPPING +0 broad axe.
 21180 | Snake:1  | 21180 ||| DROPPING +4 war axe of Okawaru's Condemnation
                  | {vorpal, rElec rC+ Dex-3}.
 21303 | Snake:1  | You are sucked into a shaft and drop 1 floor!
 21305 | Snake:2  | 21305 ||| INVOKING Heroism.
 21406 | Snake:2  | 21406 ||| INVOKING Heroism.
 21444 | Snake:2  | 21444 ||| Stepping ~*~*~tactically~*~*~ (hiding).
 21453 | Snake:2  | Received a gift from Okawaru
 21465 | Snake:2  | 21465 ||| Stepping ~*~*~tactically~*~*~ (hiding).
 21466 | Snake:2  | 21466 ||| Stepping ~*~*~tactically~*~*~ (hiding).
 21468 | Snake:2  | 21468 ||| Stepping ~*~*~tactically~*~*~ (hiding).
 21471 | Snake:2  | 21471 ||| INVOKING Heroism.
 21482 | Snake:2  | 21482 ||| DROPPING +3 broad axe of venom.
 21557 | Snake:2  | 21557 ||| Stepping ~*~*~tactically~*~*~ (stealth).
 21559 | Snake:2  | 21559 ||| Stepping ~*~*~tactically~*~*~ (stealth).
 21562 | Snake:2  | 21562 ||| Stepping ~*~*~tactically~*~*~ (hiding).
 21563 | Snake:2  | 21563 ||| Stepping ~*~*~tactically~*~*~ (hiding).
 21567 | Snake:2  | 21567 ||| INVOKING Heroism.
 21569 | Snake:2  | Noticed Vashnia
 21570 | Snake:2  | 21570 ||| INVOKING Finesse.
 21580 | Snake:2  | 21580 ||| Stepping ~*~*~tactically~*~*~ (hiding).
 21583 | Snake:2  | 21583 ||| Stepping ~*~*~tactically~*~*~ (hiding).
 21604 | Snake:2  | Killed Vashnia
 21721 | Snake:2  | Noticed Aizul
 21722 | Snake:2  | 21722 ||| INVOKING Heroism.
 21723 | Snake:2  | 21723 ||| INVOKING Finesse.
 21732 | Snake:2  | Killed Aizul
 21784 | Snake:1  | 21784 ||| Stepping ~*~*~tactically~*~*~ (hiding).
 21791 | Snake:1  | 21791 ||| INVOKING Heroism.
 21804 | Snake:1  | Reached XP level 17. HP: 111/111 MP: 24/24
 21810 | Snake:1  | 21810 ||| Stepping ~*~*~tactically~*~*~ (hiding).
 21813 | Snake:1  | 21813 ||| Stepping ~*~*~tactically~*~*~ (hiding).
 21820 | Snake:1  | 21820 ||| INVOKING Heroism.
 21840 | Snake:1  | 21840 ||| INVOKING Heroism.
 21849 | Snake:1  | Identified the +1 robe of Alalavuch {-Cast Harm rElec
                  | Str-3} (Okawaru gifted it to you on level 1 of the Snake
                  | Pit)
 21849 | Snake:1  | Received a gift from Okawaru
 21917 | Snake:1  | 21917 ||| Stepping ~*~*~tactically~*~*~ (hiding).
 21921 | Snake:1  | 21921 ||| Stepping ~*~*~tactically~*~*~ (hiding).
 22276 | Snake:2  | 22276 ||| Stepping ~*~*~tactically~*~*~ (hiding).
 22278 | Snake:2  | 22278 ||| Stepping ~*~*~tactically~*~*~ (hiding).
 22290 | Snake:2  | 22290 ||| Stepping ~*~*~tactically~*~*~ (hiding).
 22292 | Snake:2  | Noticed Kirke
 22293 | Snake:2  | 22293 ||| INVOKING Heroism.
 22303 | Snake:2  | Killed Kirke
 22570 | Snake:2  | Found a shadowy altar of Dithmenos.
 22636 | Snake:2  | 22636 ||| Stepping ~*~*~tactically~*~*~ (hiding).
 22646 | Snake:2  | Reached skill level 15 in Fighting
 22737 | Snake:2  | 22737 ||| UPGRADING to +0 tower shield.
 22747 | Snake:2  | 22747 ||| DROPPING +0 kite shield.
 22748 | Snake:2  | 22748 ||| DROPPING ring of positive energy.
 22752 | Snake:3  | 22752 ||| STAIRDANCE
 22753 | Snake:3  | 22753 ||| INVOKING Heroism.
 22758 | Snake:3  | 22758 ||| STAIRDANCE
 22765 | Snake:3  | 22765 ||| STAIRDANCE
 22802 | Snake:3  | 22802 ||| Stepping ~*~*~tactically~*~*~ (hiding).
 22893 | Snake:3  | 22893 ||| Stepping ~*~*~tactically~*~*~ (hiding).
 23167 | Snake:3  | 23167 ||| INVOKING Heroism.
 23199 | Snake:3  | Reached skill level 15 in Shields
 23278 | Snake:3  | 23278 ||| Stepping ~*~*~tactically~*~*~ (hiding).
 23281 | Snake:3  | 23281 ||| Stepping ~*~*~tactically~*~*~ (hiding).
 23282 | Snake:3  | 23282 ||| Stepping ~*~*~tactically~*~*~ (hiding).
 23283 | Snake:3  | 23283 ||| Stepping ~*~*~tactically~*~*~ (hiding).
 23289 | Snake:3  | 23289 ||| INVOKING Heroism.
 23396 | Snake:3  | 23396 ||| INVOKING Heroism.
 23403 | Snake:3  | 23403 ||| Stepping ~*~*~tactically~*~*~ (hiding).
 23503 | Snake:3  | 23503 ||| INVOKING Heroism.
 23661 | Snake:3  | 23661 ||| INVOKING Heroism.
 23663 | Snake:3  | 23663 ||| Stepping ~*~*~tactically~*~*~ (hiding).
 24094 | Snake:3  | 24094 ||| PLANNING SWAMP:1-3
 24194 | Swamp:1  | Entered Level 1 of the Swamp
 24235 | Swamp:1  | 24235 ||| INVOKING Heroism.
 24247 | Swamp:1  | Received a gift from Okawaru
 24271 | Swamp:1  | You are sucked into a shaft and drop 1 floor!
 24289 | Swamp:2  | 24289 ||| Stepping ~*~*~tactically~*~*~ (hiding).
 24429 | Swamp:2  | 24429 ||| Stepping ~*~*~tactically~*~*~ (hiding).
 24560 | Swamp:1  | 24560 ||| INVOKING Heroism.
 24673 | Swamp:1  | 24673 ||| INVOKING Heroism.
 24812 | Swamp:1  | Noticed Mlioglotl
 24813 | Swamp:1  | 24813 ||| INVOKING Heroism.
 24814 | Swamp:1  | 24814 ||| INVOKING Finesse.
 24823 | Swamp:1  | Killed Mlioglotl
 24982 | Swamp:2  | Noticed Donald
 24983 | Swamp:2  | 24983 ||| INVOKING Heroism.
 24984 | Swamp:2  | 24984 ||| INVOKING Finesse.
 24993 | Swamp:2  | Killed Donald
 25020 | Swamp:2  | 25020 ||| Stepping ~*~*~tactically~*~*~ (hiding).
 25119 | Swamp:2  | 25119 ||| Stepping ~*~*~tactically~*~*~ (hiding).
 25269 | Swamp:2  | 25269 ||| Stepping ~*~*~tactically~*~*~ (hiding).
 25291 | Swamp:2  | 25291 ||| Stepping ~*~*~tactically~*~*~ (stealth).
 25299 | Swamp:2  | 25299 ||| Stepping ~*~*~tactically~*~*~ (hiding).
 25300 | Swamp:2  | 25300 ||| Stepping ~*~*~tactically~*~*~ (hiding).
 25381 | Swamp:2  | 25381 ||| Stepping ~*~*~tactically~*~*~ (stealth).
 25403 | Swamp:2  | 25403 ||| DROPPING +0 hand axe of flaming.
 25589 | Swamp:2  | 25589 ||| INVOKING Heroism.
 25636 | Swamp:2  | 25636 ||| Stepping ~*~*~tactically~*~*~ (stealth).
 25690 | Swamp:2  | 25690 ||| INVOKING Heroism.
 25789 | Swamp:2  | 25789 ||| INVOKING Heroism.
 25799 | Swamp:2  | Reached XP level 18. HP: 119/119 MP: 25/25
 25810 | Swamp:2  | 25810 ||| DROPPING +1 broad axe of flaming.
 25976 | Swamp:2  | 25976 ||| INVOKING Heroism.
 26019 | Swamp:2  | 26019 ||| Stepping ~*~*~tactically~*~*~ (stealth).
 26020 | Swamp:2  | 26020 ||| INVOKING Heroism.
 26165 | Swamp:3  | Identified the +0 leather armour "Aganuilu" {Dex+5}
 26173 | Swamp:3  | 26173 ||| INVOKING Heroism.
 26193 | Swamp:3  | Reached skill level 18 in Shields
 26222 | Swamp:3  | 26222 ||| INVOKING Heroism.
 26263 | Swamp:3  | 26263 ||| Stepping ~*~*~tactically~*~*~ (stealth).
 26340 | Swamp:3  | 26340 ||| READING scroll of enchant weapon.
 26340 | Swamp:3  | 26340 ||| ENCHANTING +6 vampiric war axe.
 26388 | Swamp:3  | 26388 ||| Stepping ~*~*~tactically~*~*~ (hiding).
 26445 | Swamp:3  | 26445 ||| Stepping ~*~*~tactically~*~*~ (hiding).
 26446 | Swamp:3  | 26446 ||| Stepping ~*~*~tactically~*~*~ (hiding).
 26449 | Swamp:3  | 26449 ||| INVOKING Heroism.
 26695 | Swamp:3  | 26695 ||| PLANNING SNAKE:4
 26846 | Snake:4  | Entered Level 4 of the Snake Pit
 26847 | Snake:4  | 26847 ||| INVOKING Heroism.
 26854 | Snake:4  | Received a gift from Okawaru
 26936 | Snake:4  | Noticed Asterion
 26937 | Snake:4  | 26937 ||| Stepping ~*~*~tactically~*~*~ (hiding).
 26938 | Snake:4  | 26938 ||| INVOKING Heroism.
 26939 | Snake:4  | 26939 ||| INVOKING Finesse.
 26951 | Snake:4  | Killed Asterion
 27137 | Snake:4  | 27137 ||| Stepping ~*~*~tactically~*~*~ (hiding).
 27141 | Snake:4  | 27141 ||| Stepping ~*~*~tactically~*~*~ (hiding).
 27142 | Snake:4  | 27142 ||| Stepping ~*~*~tactically~*~*~ (hiding).
 27280 | Snake:4  | 27280 ||| Stepping ~*~*~tactically~*~*~ (hiding).
 27282 | Snake:4  | 27282 ||| Stepping ~*~*~tactically~*~*~ (hiding).
 27369 | Snake:4  | 27369 ||| INVOKING Heroism.
 27416 | Snake:4  | 27416 ||| INVOKING Heroism.
 27537 | Snake:4  | 27537 ||| Stepping ~*~*~tactically~*~*~ (hiding).
 27540 | Snake:4  | 27540 ||| INVOKING Heroism.
 27547 | Snake:4  | Reached skill level 9 in Throwing
 27574 | Snake:4  | Received a gift from Okawaru
 27595 | Snake:4  | 27595 ||| Stepping ~*~*~tactically~*~*~ (stealth).
 27598 | Snake:4  | 27598 ||| INVOKING Heroism.
 27605 | Snake:4  | Received a gift from Okawaru
 27615 | Snake:4  | Reached skill level 15 in Armour
 27629 | Snake:4  | Received a gift from Okawaru
 27637 | Snake:4  | 27637 ||| INVOKING Heroism.
 27675 | Snake:4  | 27675 ||| Stepping ~*~*~tactically~*~*~ (hiding).
 27676 | Snake:4  | 27676 ||| Stepping ~*~*~tactically~*~*~ (hiding).
 27705 | Snake:4  | 27705 ||| Stepping ~*~*~tactically~*~*~ (stealth).
 27742 | Snake:4  | 27742 ||| READING scroll of enchant weapon.
 27742 | Snake:4  | 27742 ||| ENCHANTING +7 vampiric war axe.
 27761 | Snake:4  | Got a serpentine rune of Zot
 27852 | Snake:4  | 27852 ||| Stepping ~*~*~tactically~*~*~ (stealth).
 27854 | Snake:4  | 27854 ||| Stepping ~*~*~tactically~*~*~ (hiding).
 27855 | Snake:4  | 27855 ||| Stepping ~*~*~tactically~*~*~ (hiding).
 27858 | Snake:4  | 27858 ||| Stepping ~*~*~tactically~*~*~ (hiding).
 27860 | Snake:4  | 27860 ||| Stepping ~*~*~tactically~*~*~ (hiding).
 27871 | Snake:4  | 27871 ||| INVOKING Heroism.
 27882 | Snake:4  | Received a gift from Okawaru
 27997 | Snake:4  | Found Bociucev's Gadget Gallery.
 28005 | Snake:4  | 28005 ||| BUYING wand of digging (4) (268 gold).
 28005 | Snake:4  | Bought a wand of digging (4) for 268 gold pieces
 28052 | Snake:4  | 28052 ||| PLANNING VAULTS:1-4
 28052 | Snake:4  | 28052 ||| SWAPPING to +6 broad axe "Killer Bee's Death"
                  | {holy, rPois rF- Will+++ Str+4}.
 28261 | Vaults:1 | Entered Level 1 of the Vaults
 28262 | Vaults:1 | 28262 ||| PLANNING WIZLAB
 28262 | Vaults:1 | 28262 ||| SWAPPING to +8 vampiric war axe.
 28287 | Vaults:1 | 28287 ||| Stepping ~*~*~tactically~*~*~ (hiding).
 28294 | Vaults:1 | 28294 ||| INVOKING Heroism.
 28298 | Vaults:1 | Reached skill level 16 in Fighting
 28313 | Vaults:1 | Received a gift from Okawaru
 28497 | Vaults:1 | 28497 ||| INVOKING Heroism.
 28502 | Vaults:1 | Reached XP level 19. HP: 109/125 MP: 26/26
 28585 | Vaults:1 | Identified the +6 leather armour of Broken Taboos {Harm rF+
                  | Will+ Dex+3}
 28634 | Vaults:1 | 28634 ||| INVOKING Heroism.
 28765 | Vaults:1 | 28765 ||| Stepping ~*~*~tactically~*~*~ (stealth).
 28789 | Vaults:1 | Received a gift from Okawaru
 28795 | Vaults:1 | Noticed Saint Roka
 28796 | Vaults:1 | 28796 ||| INVOKING Heroism.
 28797 | Vaults:1 | 28797 ||| INVOKING Finesse.
 28839 | Vaults:1 | Killed Saint Roka
 28839 | Vaults:1 | Received a gift from Okawaru
 28861 | Vaults:1 | 28861 ||| INVOKING Heroism.
 28866 | Vaults:1 | 28866 ||| Stepping ~*~*~tactically~*~*~ (hiding).
 28872 | Vaults:1 | Received a gift from Okawaru
 28882 | Vaults:1 | Reached skill level 17 in Fighting
 28909 | Vaults:1 | Received a gift from Okawaru
 28950 | Vaults:1 | 28950 ||| RIP WIZLAB
 28968 | Vaults:1 | 28968 ||| PLANNING VAULTS:1-4
 28968 | Vaults:1 | 28968 ||| SWAPPING to +6 broad axe "Killer Bee's Death"
                  | {holy, rPois rF- Will+++ Str+4}.
 29093 | Vaults:1 | Identified the +3 scale mail "Vuceitt" {Str+3 SInv}
 29096 | Vaults:1 | 29096 ||| INVOKING Heroism.
 29199 | Vaults:1 | You are sucked into a shaft and drop 1 floor!
 29232 | Vaults:2 | 29232 ||| READING scroll labelled ALYIFR CAEJOH.
 29666 | Vaults:1 | 29666 ||| DROPPING +2 helmet.
 29724 | Vaults:2 | 29724 ||| Stepping ~*~*~tactically~*~*~ (hiding).
 29748 | Vaults:2 | 29748 ||| INVOKING Heroism.
 29852 | Vaults:2 | 29852 ||| Stepping ~*~*~tactically~*~*~ (hiding).
 29921 | Vaults:2 | 29921 ||| INVOKING Heroism.
 29952 | Vaults:2 | 29952 ||| Stepping ~*~*~tactically~*~*~ (stealth).
 29961 | Vaults:2 | Noticed Margery
 29962 | Vaults:2 | 29962 ||| DRINKING 2 potions of resistance.
 29963 | Vaults:2 | 29963 ||| INVOKING Finesse.
 29983 | Vaults:2 | Noticed Mara
 29985 | Vaults:2 | Killed Margery
 29993 | Vaults:2 | 29993 ||| INVOKING Heroism.
 30009 | Vaults:2 | Killed Mara
 30009 | Vaults:2 | Received a gift from Okawaru
 30052 | Vaults:2 | 30052 ||| DROPPING +0 broad axe of freezing.
 30123 | Vaults:2 | 30123 ||| Stepping ~*~*~tactically~*~*~ (stealth).
 30126 | Vaults:2 | 30126 ||| INVOKING Heroism.
 30187 | Vaults:2 | Found a transporter.
 30226 | Vaults:2 | 30226 ||| Stepping ~*~*~tactically~*~*~ (stealth).
 30232 | Vaults:2 | 30232 ||| INVOKING Heroism.
 30237 | Vaults:2 | 30237 ||| Stepping ~*~*~tactically~*~*~ (stealth).
 30286 | Vaults:2 | 30286 ||| INVOKING Heroism.
 30295 | Abyss:2  | Cast into level 2 of the Abyss (hell knight)
 30296 | Abyss:2  | Reached XP level 20. HP: 120/134 MP: 27/27
 30314 | Abyss:2  | 30314 ||| Stepping ~*~*~tactically~*~*~ (hiding).
 30316 | Abyss:2  | 30316 ||| Stepping ~*~*~tactically~*~*~ (stealth).
 30326 | Abyss:2  | 30326 ||| INVOKING Heroism.
 30327 | Abyss:2  | 30327 ||| INVOKING Finesse.
 30330 | Abyss:2  | Identified the +1 chain mail "Ymuacvuril" {rPois rF+}
                  | (Okawaru gifted it to you on level 2 of the Abyss)
 30330 | Abyss:2  | Received a gift from Okawaru
 30336 | Abyss:2  | Reached skill level 18 in Axes
 30384 | Abyss:2  | 30384 ||| Stepping ~*~*~tactically~*~*~ (hiding).
 30386 | Abyss:2  | 30386 ||| Stepping ~*~*~tactically~*~*~ (hiding).
 30427 | Abyss:2  | 30427 ||| Stepping ~*~*~tactically~*~*~ (stealth).
 30432 | Abyss:2  | Noticed a bone dragon
 30433 | Abyss:2  | 30433 ||| INVOKING Heroism.
 30438 | Abyss:2  | Killed a bone dragon
 30477 | Abyss:2  | 30477 ||| Stepping ~*~*~tactically~*~*~ (stealth).
 30479 | Abyss:2  | 30479 ||| Stepping ~*~*~tactically~*~*~ (stealth).
 30526 | Abyss:2  | 30526 ||| Stepping ~*~*~tactically~*~*~ (hiding).
 30533 | Abyss:2  | 30533 ||| Stepping ~*~*~tactically~*~*~ (hiding).
 30547 | Vaults:2 | Escaped the Abyss
 30548 | Vaults:2 | 30548 ||| INVOKING Heroism.
 30614 | Vaults:2 | Noticed Xtahua
 30615 | Vaults:2 | 30615 ||| Stepping ~*~*~tactically~*~*~ (hiding).
 30620 | Vaults:2 | 30620 ||| DRINKING potion of resistance.
 30622 | Vaults:2 | 30622 ||| INVOKING Heroism.
 30624 | Vaults:2 | 30624 ||| INVOKING Finesse.
 30635 | Vaults:2 | Killed Xtahua
 30636 | Vaults:2 | 30636 ||| Stepping ~*~*~tactically~*~*~ (cloud).
 30653 | Vaults:2 | 30653 ||| Stepping ~*~*~tactically~*~*~ (hiding).
 30654 | Vaults:2 | 30654 ||| Stepping ~*~*~tactically~*~*~ (hiding).
 30785 | Vaults:2 | Found a staircase to the Crypt.
 30785 | Vaults:2 | Found an ancient bone altar of Kikubaaqudgha.
 30785 | Vaults:2 | Found a basalt altar of Yredelemnul.
 30924 | Vaults:2 | Found a transporter.
 30998 | Vaults:2 | 30998 ||| INVOKING Heroism.
 31189 | Vaults:3 | 31189 ||| Stepping ~*~*~tactically~*~*~ (hiding).
 31190 | Vaults:3 | 31190 ||| Stepping ~*~*~tactically~*~*~ (hiding).
 31194 | Vaults:3 | 31194 ||| Stepping ~*~*~tactically~*~*~ (hiding).
 31198 | Vaults:3 | 31198 ||| INVOKING Heroism.
 31274 | Vaults:3 | 31274 ||| Stepping ~*~*~tactically~*~*~ (hiding).
 31277 | Vaults:3 | 31277 ||| Stepping ~*~*~tactically~*~*~ (hiding).
 31291 | Vaults:3 | 31291 ||| Stepping ~*~*~tactically~*~*~ (hiding).
 31413 | Vaults:3 | 31413 ||| Stepping ~*~*~tactically~*~*~ (hiding).
 31416 | Vaults:3 | Noticed Zenata
 31417 | Vaults:3 | 31417 ||| INVOKING Heroism.
 31418 | Vaults:3 | 31418 ||| INVOKING Finesse.
 31422 | Vaults:3 | Reached skill level 18 in Fighting
 31433 | Vaults:3 | HP: 28/136 [Zenata/+2 lajatang of electrocution (18)]
 31434 | Vaults:3 | 31434 ||| READING 13 scrolls of teleportation.
 31435 | Vaults:3 | 31435 ||| DRINKING 6 potions of heal wounds.
 31557 | Vaults:3 | 31557 ||| Stepping ~*~*~tactically~*~*~ (hiding).
 31685 | Vaults:3 | 31685 ||| Stepping ~*~*~tactically~*~*~ (hiding).
 31687 | Vaults:3 | 31687 ||| Stepping ~*~*~tactically~*~*~ (stealth).
 31688 | Vaults:3 | 31688 ||| Stepping ~*~*~tactically~*~*~ (stealth).
 31695 | Vaults:3 | Received a gift from Okawaru
 31714 | Vaults:3 | 31714 ||| Stepping ~*~*~tactically~*~*~ (hiding).
 31738 | Vaults:3 | 31738 ||| Stepping ~*~*~tactically~*~*~ (stealth).
 31739 | Vaults:3 | 31739 ||| Stepping ~*~*~tactically~*~*~ (stealth).
 31755 | Vaults:3 | 31755 ||| INVOKING Heroism.
 31983 | Vaults:3 | 31983 ||| Stepping ~*~*~tactically~*~*~ (stealth).
 31995 | Vaults:3 | Received a gift from Okawaru
 32129 | Vaults:3 | 32129 ||| Stepping ~*~*~tactically~*~*~ (stealth).
 32132 | Vaults:3 | 32132 ||| Stepping ~*~*~tactically~*~*~ (hiding).
 32133 | Vaults:3 | 32133 ||| Stepping ~*~*~tactically~*~*~ (hiding).
 32136 | Vaults:3 | 32136 ||| INVOKING Heroism.
 32137 | Vaults:3 | 32137 ||| INVOKING Finesse.
 32144 | Vaults:3 | Killed Zenata
 32144 | Vaults:3 | Identified the +8 broad axe "Sis Luxa" {vorpal, Int+7
                  | Dex+4} (Okawaru gifted it to you on level 3 of the Vaults)
 32144 | Vaults:3 | Received a gift from Okawaru
 32149 | Vaults:3 | 32149 ||| DROPPING +8 broad axe "Sis Luxa" {vorpal, Int+7
                  | Dex+4}.
 32217 | Vaults:3 | 32217 ||| Stepping ~*~*~tactically~*~*~ (stealth).
 32219 | Vaults:3 | 32219 ||| INVOKING Heroism.
 32266 | Vaults:3 | 32266 ||| Stepping ~*~*~tactically~*~*~ (stealth).
 32275 | Vaults:3 | 32275 ||| Stepping ~*~*~tactically~*~*~ (hiding).
 32566 | Vaults:3 | 32566 ||| Stepping ~*~*~tactically~*~*~ (stealth).
 32572 | Vaults:3 | 32572 ||| Stepping ~*~*~tactically~*~*~ (hiding).
 32574 | Vaults:3 | 32574 ||| INVOKING Heroism.
 32585 | Vaults:3 | Noticed Agnes
 32595 | Vaults:3 | Killed Agnes
 32604 | Vaults:3 | 32604 ||| Stepping ~*~*~tactically~*~*~ (stealth).
 32625 | Vaults:3 | 32625 ||| Stepping ~*~*~tactically~*~*~ (stealth).
 32654 | Vaults:3 | 32654 ||| Stepping ~*~*~tactically~*~*~ (hiding).
 32656 | Vaults:3 | 32656 ||| Stepping ~*~*~tactically~*~*~ (hiding).
 32663 | Vaults:3 | 32663 ||| FLEEEEING.
 32664 | Vaults:3 | 32664 ||| FLEEEEING.
 32665 | Vaults:3 | 32665 ||| FLEEEEING.
 32666 | Vaults:3 | 32666 ||| FLEEEEING.
 32667 | Vaults:3 | 32667 ||| FLEEEEING.
 32668 | Vaults:3 | 32668 ||| FLEEEEING.
 32670 | Vaults:3 | 32670 ||| FLEEEEING.
 32671 | Vaults:3 | 32671 ||| FLEEEEING.
 32672 | Vaults:3 | 32672 ||| FLEEEEING.
 32673 | Vaults:3 | 32673 ||| FLEEEEING.
 32675 | Vaults:3 | 32675 ||| FLEEEEING.
 32676 | Vaults:3 | 32676 ||| FLEEEEING.
 32677 | Vaults:3 | 32677 ||| INVOKING Heroism.
 32832 | Vaults:4 | 32832 ||| STAIRDANCE
 32841 | Vaults:3 | Reached XP level 21. HP: 141/141 MP: 28/28
 32844 | Vaults:3 | Received a gift from Okawaru
 32850 | Vaults:4 | 32850 ||| STAIRDANCE
 32864 | Vaults:4 | 32864 ||| STAIRDANCE
 32892 | Vaults:4 | Identified the +1 pair of boots of Narrow Mirth {rElec}
                  | (Okawaru gifted it to you on level 4 of the Vaults)
 32892 | Vaults:4 | Received a gift from Okawaru
 32940 | Vaults:4 | 32940 ||| INVOKING Heroism.
 32944 | Vaults:4 | Reached skill level 18 in Armour
 32997 | Vaults:4 | 32997 ||| Stepping ~*~*~tactically~*~*~ (stealth).
 33172 | Vaults:4 | 33172 ||| Stepping ~*~*~tactically~*~*~ (hiding).
 33173 | Vaults:4 | 33173 ||| Stepping ~*~*~tactically~*~*~ (hiding).
 33179 | Vaults:4 | 33179 ||| INVOKING Heroism.
 33298 | Vaults:4 | 33298 ||| Stepping ~*~*~tactically~*~*~ (stealth).
 33300 | Vaults:4 | 33300 ||| Stepping ~*~*~tactically~*~*~ (hiding).
 33309 | Vaults:4 | 33309 ||| INVOKING Heroism.
 33338 | Vaults:4 | Reached skill level 19 in Fighting
 33351 | Vaults:4 | 33351 ||| Stepping ~*~*~tactically~*~*~ (hiding).
 33352 | Vaults:4 | 33352 ||| Stepping ~*~*~tactically~*~*~ (hiding).
 33386 | Vaults:4 | 33386 ||| Stepping ~*~*~tactically~*~*~ (hiding).
 33458 | Vaults:4 | 33458 ||| Stepping ~*~*~tactically~*~*~ (stealth).
 33459 | Vaults:4 | 33459 ||| Stepping ~*~*~tactically~*~*~ (stealth).
 33601 | Vaults:4 | 33601 ||| Stepping ~*~*~tactically~*~*~ (hiding).
 33753 | Vaults:4 | 33753 ||| Stepping ~*~*~tactically~*~*~ (stealth).
 33802 | Vaults:4 | 33802 ||| Stepping ~*~*~tactically~*~*~ (hiding).
 33805 | Vaults:4 | 33805 ||| Stepping ~*~*~tactically~*~*~ (hiding).
 34129 | Vaults:4 | 34129 ||| PLANNING SWAMP:4
 34129 | Vaults:4 | 34129 ||| SWAPPING to +8 vampiric war axe.
 34130 | Vaults:4 | 34130 ||| READING scroll of enchant weapon.
 34130 | Vaults:4 | 34130 ||| ENCHANTING +8 vampiric war axe.
 34131 | Vaults:4 | 34131 ||| DROPPING +1 pair of boots of Narrow Mirth
                  | {rElec}.
 34132 | Vaults:4 | 34132 ||| UPGRADING to +2 tower shield of poison
                  | resistance.
 34142 | Vaults:4 | 34142 ||| DROPPING +0 tower shield.
 34471 | Swamp:4  | Entered Level 4 of the Swamp
 34480 | Swamp:4  | 34480 ||| INVOKING Heroism.
 34551 | Swamp:4  | 34551 ||| INVOKING Heroism.
 34605 | Swamp:4  | 34605 ||| INVOKING Heroism.
 34610 | Swamp:4  | 34610 ||| Stepping ~*~*~tactically~*~*~ (hiding).
 34656 | Swamp:4  | 34656 ||| INVOKING Heroism.
 34669 | Swamp:4  | Received a gift from Okawaru
 34676 | Swamp:4  | 34676 ||| Stepping ~*~*~tactically~*~*~ (hiding).
 34769 | Swamp:4  | Identified the +0 ring mail "Gyaneewaarph" {*Slow Str+2
                  | Dex+4} (Okawaru gifted it to you on level 4 of the Swamp)
 34769 | Swamp:4  | Received a gift from Okawaru
 35181 | Swamp:4  | Got a decaying rune of Zot
 35182 | Swamp:4  | 35182 ||| PLANNING DEPTHS
 35402 | Depths:1 | Entered Level 1 of the Depths
 35413 | Depths:1 | 35413 ||| INVOKING Heroism.
 35441 | Depths:1 | 35441 ||| INVOKING Finesse.
 35465 | Depths:1 | 35465 ||| Stepping ~*~*~tactically~*~*~ (hiding).
 35509 | Depths:1 | 35509 ||| INVOKING Heroism.
 35521 | Depths:1 | 35521 ||| Stepping randomly (stuck).
 35522 | Depths:1 | 35522 ||| Stepping randomly (stuck).
 35523 | Depths:1 | 35523 ||| Stepping randomly (stuck).
 35524 | Depths:1 | 35524 ||| Stepping randomly (stuck).
 35525 | Depths:1 | 35525 ||| Stepping randomly (stuck).
 35526 | Depths:1 | 35526 ||| Stepping randomly (stuck).
 35527 | Depths:1 | 35527 ||| Stepping randomly (stuck).
 35528 | Depths:1 | 35528 ||| Stepping randomly (stuck).
 35529 | Depths:1 | 35529 ||| Stepping randomly (stuck).
 35530 | Depths:1 | 35530 ||| Stepping randomly (stuck).
 35531 | Depths:1 | 35531 ||| Stepping randomly (stuck).
 35532 | Depths:1 | 35532 ||| Stepping randomly (stuck).
 35533 | Depths:1 | 35533 ||| Stepping randomly (stuck).
 35534 | Depths:1 | 35534 ||| Stepping randomly (stuck).
 35535 | Depths:1 | 35535 ||| Stepping randomly (stuck).
 35536 | Depths:1 | 35536 ||| Stepping randomly (stuck).
 35537 | Depths:1 | 35537 ||| Stepping randomly (stuck).
 35538 | Depths:1 | 35538 ||| Stepping randomly (stuck).
 35539 | Depths:1 | 35539 ||| Stepping randomly (stuck).
 35540 | Depths:1 | 35540 ||| Stepping randomly (stuck).
 35541 | Depths:1 | 35541 ||| Stepping randomly (stuck).
 35542 | Depths:1 | 35542 ||| Stepping randomly (stuck).
 35543 | Depths:1 | 35543 ||| Stepping randomly (stuck).
 35675 | Depths:1 | 35675 ||| INVOKING Heroism.
 35763 | Depths:1 | 35763 ||| Stepping ~*~*~tactically~*~*~ (stealth).
 35816 | Depths:1 | 35816 ||| Stepping ~*~*~tactically~*~*~ (hiding).
 35819 | Depths:1 | 35819 ||| INVOKING Heroism.
 35820 | Depths:1 | 35820 ||| INVOKING Finesse.
 35833 | Depths:1 | Reached XP level 22. HP: 150/150 MP: 29/29
 35969 | Depths:1 | 35969 ||| INVOKING Heroism.
 35974 | Depths:1 | 35974 ||| DRINKING 12 potions of curing.
 35974 | Depths:1 | 35974 ||| (to cure confusion)
 35975 | Depths:1 | 35975 ||| DRINKING 11 potions of curing.
 35975 | Depths:1 | 35975 ||| (to cure confusion)
 36015 | Depths:1 | 36015 ||| Stepping ~*~*~tactically~*~*~ (stealth).
 36061 | Depths:1 | 36061 ||| Stepping ~*~*~tactically~*~*~ (stealth).
 36079 | Depths:1 | Reached skill level 20 in Fighting
 36106 | Depths:1 | 36106 ||| Stepping ~*~*~tactically~*~*~ (stealth).
 36110 | Depths:1 | 36110 ||| Stepping ~*~*~tactically~*~*~ (hiding).
 36111 | Depths:1 | 36111 ||| INVOKING Heroism.
 36112 | Depths:1 | 36112 ||| INVOKING Finesse.
 36126 | Depths:1 | 36126 ||| Stepping ~*~*~tactically~*~*~ (stealth).
 36196 | Depths:1 | 36196 ||| INVOKING Finesse.
 36198 | Depths:1 | 36198 ||| Stepping ~*~*~tactically~*~*~ (stealth).
 36313 | Depths:1 | 36313 ||| Stepping ~*~*~tactically~*~*~ (stealth).
 36314 | Depths:1 | 36314 ||| Stepping ~*~*~tactically~*~*~ (stealth).
 36326 | Depths:1 | Found a one-way gateway to a ziggurat.
 36353 | Depths:1 | Found a gateway to Hell.
 36360 | Depths:1 | Identified the +4 leather armour "Cirum" {Rampage}
 36589 | Depths:2 | 36589 ||| Stepping ~*~*~tactically~*~*~ (hiding).
 36592 | Depths:2 | 36592 ||| Stepping ~*~*~tactically~*~*~ (hiding).
 36657 | Depths:2 | 36657 ||| INVOKING Heroism.
 36662 | Depths:2 | Received a gift from Okawaru
 36667 | Depths:2 | Reached skill level 21 in Shields
 36690 | Depths:2 | 36690 ||| INVOKING Finesse.
 36717 | Depths:2 | Found a one-way gate leading to the halls of Pandemonium.
 36733 | Depths:2 | Identified the +6 great mace of Darkness {antimagic, rPois
                  | rCorr}
 36740 | Depths:2 | 36740 ||| INVOKING Heroism.
 36746 | Depths:2 | 36746 ||| Stepping ~*~*~tactically~*~*~ (hiding).
 36751 | Depths:2 | Received a gift from Okawaru
 36764 | Depths:2 | 36764 ||| INVOKING Finesse.
 36821 | Depths:2 | 36821 ||| INVOKING Heroism.
 36846 | Depths:2 | 36846 ||| INVOKING Finesse.
 36883 | Depths:2 | Found Orearo's Armour Boutique.
 36883 | Depths:2 | Found Tuisauh's Antique Weapon Shop.
 36898 | Depths:2 | 36898 ||| BUYING +1 cloak "Feykhlia" {Rampage *Slow rCorr
                  | Int+8} (466 gold).
 36898 | Depths:2 | Bought the +1 cloak "Feykhlia" {Rampage *Slow rCorr Int+8}
                  | for 466 gold pieces
 36961 | Depths:2 | 36961 ||| FLEEEEING.
 36962 | Depths:2 | 36962 ||| FLEEEEING.
 36963 | Depths:2 | 36963 ||| FLEEEEING.
 37035 | Depths:2 | 37035 ||| INVOKING Heroism.
 37036 | Depths:2 | 37036 ||| INVOKING Finesse.
 37037 | Depths:2 | 37037 ||| Stepping ~*~*~tactically~*~*~ (stealth).
 37040 | Depths:2 | 37040 ||| Stepping ~*~*~tactically~*~*~ (stealth).
 37041 | Depths:2 | 37041 ||| Stepping ~*~*~tactically~*~*~ (stealth).
 37249 | Depths:2 | Found an iron altar of Okawaru.
 37261 | Depths:2 | You are sucked into a shaft and drop 1 floor!
 37262 | Depths:3 | 37262 ||| INVOKING Heroism.
 37263 | Depths:3 | 37263 ||| INVOKING Finesse.
 37296 | Depths:3 | Reached skill level 21 in Fighting
 37321 | Depths:3 | Identified the +1 animal skin "Hero's Friend" {Harm rC+
                  | Int+2} (Okawaru gifted it to you on level 3 of the Depths)
 37321 | Depths:3 | Received a gift from Okawaru
 37343 | Depths:3 | 37343 ||| INVOKING Heroism.
 37407 | Depths:3 | 37407 ||| Stepping ~*~*~tactically~*~*~ (hiding).
 37408 | Depths:3 | 37408 ||| Stepping ~*~*~tactically~*~*~ (hiding).
 37410 | Depths:3 | 37410 ||| Stepping ~*~*~tactically~*~*~ (hiding).
 37413 | Depths:3 | Reached skill level 12 in Throwing
 37413 | Depths:3 | Reached XP level 23. HP: 160/160 MP: 30/30
 37415 | Depths:3 | 37415 ||| INVOKING Heroism.
 37527 | Depths:3 | 37527 ||| INVOKING Heroism.
 37573 | Depths:3 | 37573 ||| Stepping ~*~*~tactically~*~*~ (hiding).
 37647 | Depths:3 | 37647 ||| Stepping ~*~*~tactically~*~*~ (hiding).
 37677 | Depths:3 | 37677 ||| Stepping ~*~*~tactically~*~*~ (hiding).
 37809 | Depths:3 | 37809 ||| INVOKING Heroism.
 37810 | Depths:3 | 37810 ||| INVOKING Finesse.
 37816 | Depths:3 | 37816 ||| Stepping ~*~*~tactically~*~*~ (hiding).
 37872 | Depths:3 | 37872 ||| DROPPING +2 cloak.
 38066 | Depths:2 | 38066 ||| INVOKING Heroism.
 38235 | Depths:3 | 38235 ||| Stepping ~*~*~tactically~*~*~ (hiding).
 38237 | Depths:3 | 38237 ||| Stepping ~*~*~tactically~*~*~ (hiding).
 38238 | Depths:3 | Noticed Grunn
 38239 | Depths:3 | 38239 ||| INVOKING Heroism.
 38241 | Depths:3 | 38241 ||| INVOKING Finesse.
 38262 | Depths:3 | HP: 34/161 [something (19)]
 38263 | Depths:3 | 38263 ||| READING 15 scrolls of teleportation.
 38264 | Depths:3 | 38264 ||| DRINKING 7 potions of heal wounds.
 38285 | Depths:3 | Reached skill level 22 in Fighting
 38347 | Depths:3 | 38347 ||| INVOKING Heroism.
 38402 | Depths:3 | 38402 ||| Invisible monster not found???
 38457 | Depths:3 | Noticed Frederick
 38458 | Depths:3 | 38458 ||| INVOKING Heroism.
 38459 | Depths:3 | 38459 ||| INVOKING Finesse.
 38466 | Depths:3 | Killed Frederick
 38481 | Depths:3 | Found a one-way gate to the infinite horrors of the Abyss.
 38569 | Depths:3 | 38569 ||| Stepping ~*~*~tactically~*~*~ (hiding).
 38571 | Depths:3 | 38571 ||| INVOKING Heroism.
 38665 | Depths:3 | 38665 ||| Stepping ~*~*~tactically~*~*~ (stealth).
 38666 | Depths:3 | 38666 ||| Stepping ~*~*~tactically~*~*~ (stealth).
 38717 | Depths:3 | 38717 ||| Stepping ~*~*~tactically~*~*~ (hiding).
 38722 | Depths:3 | 38722 ||| INVOKING Heroism.
 39024 | Depths:3 | 39024 ||| INVOKING Heroism.
 39025 | Depths:3 | 39025 ||| INVOKING Finesse.
 39043 | Depths:3 | Killed Grunn
 39143 | Depths:4 | Entered Level 4 of the Depths
 39144 | Depths:4 | 39144 ||| INVOKING Heroism.
 39145 | Depths:4 | 39145 ||| INVOKING Finesse.
 39176 | Depths:4 | 39176 ||| INVOKING Heroism.
 39200 | Depths:4 | Received a gift from Okawaru
 39270 | Depths:4 | 39270 ||| READING scroll of acquirement.
 39270 | Depths:4 | 39270 ||| ACQUIRING 458 gold pieces
 39270 | Depths:4 | Acquired 458 gold pieces
 39271 | Depths:4 | 39271 ||| Stepping ~*~*~tactically~*~*~ (stealth).
 39272 | Depths:4 | 39272 ||| Stepping ~*~*~tactically~*~*~ (hiding).
 39273 | Depths:4 | 39273 ||| INVOKING Heroism.
 39276 | Depths:4 | 39276 ||| Stepping ~*~*~tactically~*~*~ (hiding).
 39280 | Depths:4 | 39280 ||| Stepping ~*~*~tactically~*~*~ (hiding).
 39281 | Depths:4 | 39281 ||| Stepping ~*~*~tactically~*~*~ (hiding).
 39286 | Depths:4 | Reached skill level 21 in Armour
 39307 | Depths:4 | 39307 ||| Stepping ~*~*~tactically~*~*~ (stealth).
 39429 | Depths:4 | Noticed a golden dragon
 39430 | Depths:4 | 39430 ||| INVOKING Heroism.
 39431 | Depths:4 | 39431 ||| INVOKING Finesse.
 39441 | Depths:4 | Killed a golden dragon
 39486 | Depths:4 | Found a gate to the Realm of Zot.
 39560 | Depths:4 | 39560 ||| Stepping ~*~*~tactically~*~*~ (hiding).
 39561 | Depths:4 | 39561 ||| Stepping ~*~*~tactically~*~*~ (hiding).
 39562 | Depths:4 | 39562 ||| Stepping ~*~*~tactically~*~*~ (hiding).
 39750 | Depths:4 | Identified the +0 robe of Insurance {*Slow rN+ Int+4
                  | Stlth+}
 39756 | Depths:4 | 39756 ||| PLANNING VAULTS:5
 39756 | Depths:4 | 39756 ||| SWAPPING to +6 broad axe "Killer Bee's Death"
                  | {holy, rPois rF- Will+++ Str+4}.
 40017 | Vaults:5 | Entered Level 5 of the Vaults
 40018 | Vaults:5 | 40018 ||| INVOKING Heroism.
 40019 | Vaults:5 | 40019 ||| STAIRDANCE
 40029 | Vaults:5 | 40029 ||| STAIRDANCE
 40035 | Vaults:4 | Reached skill level 6 in Dodging
 40038 | Vaults:4 | Received a gift from Okawaru
 40063 | Vaults:5 | 40063 ||| INVOKING Heroism.
 40066 | Vaults:5 | 40066 ||| INVOKING Finesse.
 40080 | Vaults:5 | Received a gift from Okawaru
 40082 | Vaults:5 | Identified the +10 morningstar of the Orange Skies {vorpal,
                  | rC- Will+++ Str+3 SInv}
 40086 | Vaults:5 | 40086 ||| STAIRDANCE
 40144 | Vaults:5 | 40144 ||| STAIRDANCE
 40146 | Vaults:4 | 40146 ||| INVOKING Heroism.
 40147 | Vaults:4 | 40147 ||| INVOKING Finesse.
 40159 | Vaults:5 | 40159 ||| STAIRDANCE
 40181 | Vaults:5 | 40181 ||| STAIRDANCE
 40194 | Vaults:5 | 40194 ||| STAIRDANCE
 40202 | Vaults:5 | 40202 ||| INVOKING Heroism.
 40272 | Vaults:5 | 40272 ||| Stepping ~*~*~tactically~*~*~ (stealth).
 40279 | Vaults:5 | Reached XP level 24. HP: 168/168 MP: 30/30
 40290 | Vaults:5 | 40290 ||| Stepping ~*~*~tactically~*~*~ (stealth).
 40292 | Vaults:5 | 40292 ||| Stepping ~*~*~tactically~*~*~ (hiding).
 40411 | Vaults:5 | 40411 ||| FLEEEEING.
 40413 | Vaults:5 | 40413 ||| FLEEEEING.
 40414 | Vaults:5 | 40414 ||| Stepping ~*~*~tactically~*~*~ (hiding).
 40415 | Vaults:5 | 40415 ||| Stepping ~*~*~tactically~*~*~ (hiding).
 40416 | Vaults:5 | 40416 ||| Stepping ~*~*~tactically~*~*~ (hiding).
 40441 | Vaults:5 | 40441 ||| FLEEEEING.
 40442 | Vaults:5 | 40442 ||| FLEEEEING.
 40443 | Vaults:5 | 40443 ||| FLEEEEING.
 40444 | Vaults:5 | 40444 ||| FLEEEEING.
 40445 | Vaults:5 | 40445 ||| FLEEEEING.
 40448 | Vaults:5 | 40448 ||| Stepping ~*~*~tactically~*~*~ (stealth).
 40472 | Vaults:5 | 40472 ||| Stepping ~*~*~tactically~*~*~ (stealth).
 40501 | Vaults:5 | 40501 ||| Stepping ~*~*~tactically~*~*~ (stealth).
 40503 | Vaults:5 | 40503 ||| Stepping ~*~*~tactically~*~*~ (stealth).
 40505 | Vaults:5 | 40505 ||| Stepping ~*~*~tactically~*~*~ (stealth).
 40507 | Vaults:5 | 40507 ||| Stepping ~*~*~tactically~*~*~ (stealth).
 40509 | Vaults:5 | 40509 ||| Stepping ~*~*~tactically~*~*~ (stealth).
 40511 | Vaults:5 | 40511 ||| Stepping ~*~*~tactically~*~*~ (stealth).
 40513 | Vaults:5 | 40513 ||| Stepping ~*~*~tactically~*~*~ (stealth).
 40515 | Vaults:5 | 40515 ||| Stepping ~*~*~tactically~*~*~ (hiding).
 40517 | Vaults:5 | 40517 ||| Stepping ~*~*~tactically~*~*~ (hiding).
 40520 | Vaults:5 | 40520 ||| Stepping ~*~*~tactically~*~*~ (hiding).
 40611 | Vaults:5 | 40611 ||| INVOKING Heroism.
 40621 | Vaults:5 | Identified the +9 broad axe of Nuyz {flame, Int+4 Stlth+}
                  | (Okawaru gifted it to you on level 5 of the Vaults)
 40621 | Vaults:5 | Received a gift from Okawaru
 40624 | Vaults:5 | 40624 ||| DROPPING +9 broad axe of Nuyz {flame, Int+4
                  | Stlth+}.
 40682 | Vaults:5 | 40682 ||| Stepping ~*~*~tactically~*~*~ (hiding).
 40803 | Vaults:5 | 40803 ||| INVOKING Heroism.
 40840 | Vaults:5 | Reached skill level 23 in Fighting
 40853 | Vaults:5 | 40853 ||| Stepping ~*~*~tactically~*~*~ (stealth).
 40880 | Vaults:5 | 40880 ||| Stepping ~*~*~tactically~*~*~ (stealth).
 40895 | Vaults:5 | 40895 ||| INVOKING Heroism.
 40941 | Vaults:5 | 40941 ||| INVOKING Heroism.
 40963 | Vaults:5 | 40963 ||| Stepping ~*~*~tactically~*~*~ (stealth).
 40969 | Vaults:5 | 40969 ||| Stepping ~*~*~tactically~*~*~ (hiding).
 41039 | Vaults:5 | 41039 ||| INVOKING Heroism.
 41075 | Vaults:5 | Received a gift from Okawaru
 41089 | Vaults:5 | 41089 ||| INVOKING Heroism.
 41105 | Vaults:5 | 41105 ||| Stepping ~*~*~tactically~*~*~ (stealth).
 41152 | Vaults:5 | 41152 ||| INVOKING Heroism.
 41197 | Vaults:5 | 41197 ||| INVOKING Heroism.
 41240 | Vaults:5 | Identified the +6 plate armour "Lamueskohi" {Fly rElec
                  | rPois} (Okawaru gifted it to you on level 5 of the Vaults)
 41240 | Vaults:5 | Received a gift from Okawaru
 41278 | Vaults:5 | 41278 ||| Stepping ~*~*~tactically~*~*~ (hiding).
 41299 | Vaults:5 | 41299 ||| Stepping ~*~*~tactically~*~*~ (stealth).
 41318 | Vaults:5 | 41318 ||| Stepping ~*~*~tactically~*~*~ (hiding).
 41331 | Vaults:5 | 41331 ||| FLEEEEING.
 41362 | Vaults:5 | Found Hubajul's Magic Scroll Emporium.
 41370 | Vaults:5 | 41370 ||| BUYING scroll of enchant armour (105 gold).
 41370 | Vaults:5 | Bought a scroll of enchant armour for 105 gold pieces
 41370 | Vaults:5 | 41370 ||| BUYING scroll of enchant weapon (105 gold).
 41370 | Vaults:5 | Bought a scroll of enchant weapon for 105 gold pieces
 41378 | Vaults:5 | 41378 ||| Stepping ~*~*~tactically~*~*~ (stealth).
 41380 | Vaults:5 | 41380 ||| Stepping ~*~*~tactically~*~*~ (stealth).
 41384 | Vaults:5 | 41384 ||| Stepping ~*~*~tactically~*~*~ (stealth).
 41385 | Vaults:5 | 41385 ||| Stepping ~*~*~tactically~*~*~ (stealth).
 41388 | Vaults:5 | 41388 ||| Stepping ~*~*~tactically~*~*~ (stealth).
 41389 | Vaults:5 | 41389 ||| Stepping ~*~*~tactically~*~*~ (hiding).
 41394 | Vaults:5 | 41394 ||| INVOKING Heroism.
 41479 | Vaults:5 | 41479 ||| INVOKING Heroism.
 41597 | Vaults:5 | 41597 ||| Stepping ~*~*~tactically~*~*~ (stealth).
 41600 | Vaults:5 | 41600 ||| Stepping ~*~*~tactically~*~*~ (stealth).
 41637 | Vaults:5 | Identified the +2 lajatang "Kuyhyigh" {venom, Dex+4}
 41638 | Vaults:5 | 41638 ||| INVOKING Heroism.
 41751 | Vaults:5 | 41751 ||| Stepping ~*~*~tactically~*~*~ (stealth).
 41809 | Vaults:5 | 41809 ||| Stepping ~*~*~tactically~*~*~ (stealth).
 41813 | Vaults:5 | 41813 ||| INVOKING Heroism.
 41814 | Vaults:5 | 41814 ||| Stepping ~*~*~tactically~*~*~ (hiding).
 41830 | Vaults:5 | 41830 ||| Stepping ~*~*~tactically~*~*~ (stealth).
 41831 | Vaults:5 | 41831 ||| Stepping ~*~*~tactically~*~*~ (stealth).
 41833 | Vaults:5 | 41833 ||| Stepping ~*~*~tactically~*~*~ (hiding).
 41899 | Vaults:5 | Got a silver rune of Zot
 42333 | Vaults:5 | 42333 ||| PLANNING SHOPPING SPREE
 42333 | Vaults:5 | 42333 ||| SWAPPING to +9 vampiric war axe.
 42334 | Vaults:5 | 42334 ||| DROPPING +2 hat.
 42335 | Vaults:5 | 42335 ||| READING 33 scrolls of identify.
 42335 | Vaults:5 | 42335 ||| IDENTIFYING red potion
 42336 | Vaults:5 | 42336 ||| DROPPING potion of berserk rage.
 42696 | D:5      | 42696 ||| BUYING potion of heal wounds (55 gold).
 42696 | D:5      | Bought a potion of heal wounds for 55 gold pieces
 42696 | D:5      | 42696 ||| BUYING potion of lignification (33 gold).
 42696 | D:5      | Bought a potion of lignification for 33 gold pieces
 42696 | D:5      | 42696 ||| BUYING potion of magic (88 gold).
 42696 | D:5      | Bought a potion of magic for 88 gold pieces
 43185 | D:9      | 43185 ||| BUYING +2 acid dragon scales (780 gold).
 43185 | D:9      | Bought +2 acid dragon scales for 780 gold pieces
 43363 | Orc:2    | 43363 ||| BUYING ring of the Tortoise {AC+8} (1792 gold).
 43363 | Orc:2    | Bought the ring of the Tortoise {AC+8} for 1792 gold pieces
 43363 | Orc:2    | Found the ring of the Tortoise {AC+8}
 43363 | Orc:2    | 43363 ||| DROPPING ring of protection from fire.
 43364 | Orc:2    | 43364 ||| DROPPING ring of ice.
 43365 | Orc:2    | 43365 ||| DROPPING +4 ring of slaying {mikee}.
 43366 | Orc:2    | 43366 ||| UPGRADING to ring of the Tortoise {AC+8}.
 43368 | Orc:2    | 43368 ||| SWAPPING to +6 broad axe "Killer Bee's Death"
                  | {holy, rPois rF- Will+++ Str+4}.
 43369 | Orc:2    | 43369 ||| UPGRADING to ring "Kudus" {rC+ rN+ Will+ Str+5}.
 43371 | Orc:2    | 43371 ||| SWAPPING to +9 vampiric war axe.
 43372 | Orc:2    | 43372 ||| PLANNING ZOT:1-4
 43662 | Zot:1    | Entered Level 1 of the Realm of Zot
 43696 | Zot:1    | 43696 ||| Stepping ~*~*~tactically~*~*~ (hiding).
 43697 | Zot:1    | 43697 ||| Stepping ~*~*~tactically~*~*~ (hiding).
 43699 | Zot:1    | 43699 ||| Stepping ~*~*~tactically~*~*~ (hiding).
 43703 | Zot:1    | 43703 ||| INVOKING Heroism.
 43713 | Zot:1    | Reached skill level 24 in Fighting
 43765 | Zot:1    | 43765 ||| INVOKING Heroism.
 43777 | Zot:1    | Reached XP level 25. HP: 178/178 MP: 30/30
 43895 | Zot:1    | 43895 ||| INVOKING Heroism.
 44015 | Zot:1    | 44015 ||| Stepping ~*~*~tactically~*~*~ (hiding).
 44087 | Zot:1    | 44087 ||| Stepping ~*~*~tactically~*~*~ (hiding).
 44092 | Zot:1    | 44092 ||| INVOKING Heroism.
 44157 | Zot:1    | 44157 ||| Stepping ~*~*~tactically~*~*~ (hiding).
 44165 | Zot:1    | 44165 ||| INVOKING Heroism.
 44206 | Zot:1    | 44206 ||| INVOKING Heroism.
 44217 | Zot:1    | Received a gift from Okawaru
 44400 | Zot:1    | 44400 ||| Stepping ~*~*~tactically~*~*~ (hiding).
 44401 | Zot:1    | 44401 ||| Stepping ~*~*~tactically~*~*~ (hiding).
 44723 | Zot:1    | 44723 ||| UPGRADING to -2 hat of the Alchemist {rElec rPois
                  | rF+ rC+ rN+ Will+ rMut rCorr}.
 44733 | Zot:1    | 44733 ||| DROPPING ring of wizardry.
 44739 | Zot:1    | 44739 ||| Stepping ~*~*~tactically~*~*~ (hiding).
 44740 | Zot:1    | 44740 ||| Stepping ~*~*~tactically~*~*~ (hiding).
 44741 | Zot:1    | 44741 ||| Stepping ~*~*~tactically~*~*~ (hiding).
 44945 | Zot:2    | 44945 ||| INVOKING Heroism.
 44975 | Zot:2    | Identified the +2 chain mail "Xibbant" {rN+ rCorr Int+3
                  | Dex+3} (Okawaru gifted it to you on level 2 of the Realm of
                  | Zot)
 44975 | Zot:2    | Received a gift from Okawaru
 45127 | Zot:2    | 45127 ||| INVOKING Heroism.
 45220 | Zot:2    | 45220 ||| Stepping ~*~*~tactically~*~*~ (stealth).
 45232 | Zot:2    | 45232 ||| INVOKING Heroism.
 45260 | Zot:2    | 45260 ||| Stepping ~*~*~tactically~*~*~ (stealth).
 45261 | Zot:2    | 45261 ||| Stepping ~*~*~tactically~*~*~ (hiding).
 45277 | Zot:2    | 45277 ||| INVOKING Heroism.
 45281 | Zot:2    | Reached skill level 25 in Fighting
 45281 | Zot:2    | 45281 ||| Stepping ~*~*~tactically~*~*~ (hiding).
 45368 | Zot:2    | 45368 ||| Stepping ~*~*~tactically~*~*~ (stealth).
 45369 | Zot:2    | 45369 ||| INVOKING Heroism.
 45381 | Zot:2    | 45381 ||| Stepping ~*~*~tactically~*~*~ (hiding).
 45440 | Zot:2    | 45440 ||| INVOKING Heroism.
 45470 | Zot:2    | 45470 ||| Stepping ~*~*~tactically~*~*~ (stealth).
 45519 | Zot:2    | 45519 ||| INVOKING Heroism.
 45710 | Zot:2    | 45710 ||| Stepping ~*~*~tactically~*~*~ (stealth).
 45751 | Zot:2    | 45751 ||| INVOKING Heroism.
 45788 | Zot:2    | Reached skill level 15 in Throwing
 45929 | Zot:2    | 45929 ||| DROPPING +2 acid dragon scales.
 46065 | Zot:3    | 46065 ||| FLEEEEING.
 46066 | Zot:3    | 46066 ||| FLEEEEING.
 46067 | Zot:3    | 46067 ||| FLEEEEING.
 46068 | Zot:3    | 46068 ||| FLEEEEING.
 46069 | Zot:3    | 46069 ||| FLEEEEING.
 46071 | Zot:3    | 46071 ||| STAIRDANCE
 46176 | Zot:3    | 46176 ||| STAIRDANCE
 46185 | Zot:3    | 46185 ||| STAIRDANCE
 46216 | Zot:3    | 46216 ||| INVOKING Heroism.
 46274 | Zot:3    | 46274 ||| Stepping ~*~*~tactically~*~*~ (hiding).
 46278 | Zot:3    | 46278 ||| Stepping ~*~*~tactically~*~*~ (hiding).
 46300 | Zot:3    | 46300 ||| INVOKING Heroism.
 46301 | Zot:3    | 46301 ||| Stepping ~*~*~tactically~*~*~ (hiding).
 46446 | Zot:3    | 46446 ||| Stepping ~*~*~tactically~*~*~ (stealth).
 46447 | Zot:3    | 46447 ||| Stepping ~*~*~tactically~*~*~ (stealth).
 46453 | Zot:3    | 46453 ||| Stepping ~*~*~tactically~*~*~ (stealth).
 46454 | Zot:3    | 46454 ||| Stepping ~*~*~tactically~*~*~ (stealth).
 46455 | Zot:3    | 46455 ||| Stepping ~*~*~tactically~*~*~ (stealth).
 46456 | Zot:3    | 46456 ||| Stepping ~*~*~tactically~*~*~ (stealth).
 46457 | Zot:3    | 46457 ||| Stepping ~*~*~tactically~*~*~ (stealth).
 46830 | Zot:3    | 46830 ||| Stepping ~*~*~tactically~*~*~ (hiding).
 47042 | Zot:4    | 47042 ||| INVOKING Heroism.
 47073 | Zot:4    | 47073 ||| INVOKING Heroism.
 47141 | Zot:4    | 47141 ||| INVOKING Heroism.
 47187 | Zot:4    | Identified the +1 war axe of the Visionary {venom, Drain
                  | rElec rF+ Int+3} (Okawaru gifted it to you on level 4 of
                  | the Realm of Zot)
 47187 | Zot:4    | Received a gift from Okawaru
 47200 | Zot:4    | Reached skill level 26 in Fighting
 47218 | Zot:4    | 47218 ||| INVOKING Heroism.
 47324 | Zot:4    | 47324 ||| Stepping randomly (disturbance).
 47546 | Zot:4    | 47546 ||| Stepping ~*~*~tactically~*~*~ (hiding).
 47548 | Zot:4    | 47548 ||| INVOKING Heroism.
 47561 | Zot:4    | Reached XP level 26. HP: 188/190 MP: 30/30
 47966 | Zot:4    | 47966 ||| PLANNING THE SHINING ONE WORSHIP
 47966 | Zot:4    | 47966 ||| UPGRADING to +2 helmet.
 48423 | Temple   | Fell from the grace of Okawaru
 48423 | Temple   | Became a worshipper of the Shining One
 48423 | Temple   | Was placed under penance by the Shining One
 48424 | Temple   | 48424 ||| PLANNING CRYPT
 48424 | Temple   | 48424 ||| SWAPPING to +6 broad axe "Killer Bee's Death"
                  | {holy, rPois rF- Will+++ Str+4}.
 48438 | Temple   | Fell from the grace of the Shining One
 48752 | Crypt:1  | Entered Level 1 of the Crypt
 48753 | Crypt:1  | 48753 ||| PLANNING OKAWARU WORSHIP
 48753 | Crypt:1  | 48753 ||| SWAPPING to +9 vampiric war axe.
 48756 | Crypt:1  | 48756 ||| DROPPING 6 potions of magic.
 48963 | Depths:2 | Became a worshipper of Warmaster Okawaru
 48964 | Depths:2 | 48964 ||| PLANNING CRYPT
 49230 | Crypt:1  | 49230 ||| Stepping ~*~*~tactically~*~*~ (stealth).
 49301 | Crypt:1  | 49301 ||| Stepping ~*~*~tactically~*~*~ (hiding).
 49303 | Crypt:1  | 49303 ||| Stepping ~*~*~tactically~*~*~ (hiding).
 49304 | Crypt:1  | 49304 ||| Stepping ~*~*~tactically~*~*~ (hiding).
 49322 | Crypt:1  | 49322 ||| Stepping ~*~*~tactically~*~*~ (hiding).
 49474 | Crypt:1  | 49474 ||| Stepping ~*~*~tactically~*~*~ (hiding).
 50117 | Crypt:2  | 50117 ||| Stepping ~*~*~tactically~*~*~ (hiding).
 50164 | Crypt:2  | 50164 ||| INVOKING Heroism.
 50209 | Crypt:2  | 50209 ||| Stepping ~*~*~tactically~*~*~ (stealth).
 50210 | Crypt:2  | 50210 ||| Stepping ~*~*~tactically~*~*~ (stealth).
 50239 | Crypt:2  | 50239 ||| INVOKING Heroism.
 50273 | Crypt:2  | 50273 ||| INVOKING Heroism.
 50291 | Crypt:2  | Reached skill level 27 in Fighting
 50331 | Crypt:2  | Found an ancient bone altar of Kikubaaqudgha.
 50865 | Crypt:2  | 50865 ||| DROPPING +4 ring of evasion.
 50889 | Crypt:3  | Entered Level 3 of the Crypt
 50890 | Crypt:3  | 50890 ||| INVOKING Heroism.
 50892 | Crypt:3  | 50892 ||| STAIRDANCE
 50901 | Crypt:3  | 50901 ||| STAIRDANCE
 50910 | Crypt:3  | 50910 ||| STAIRDANCE
 50920 | Crypt:3  | 50920 ||| STAIRDANCE
 50979 | Crypt:3  | 50979 ||| INVOKING Heroism.
 51030 | Crypt:3  | 51030 ||| Stepping ~*~*~tactically~*~*~ (hiding).
 51032 | Crypt:3  | 51032 ||| Stepping ~*~*~tactically~*~*~ (hiding).
 51115 | Crypt:3  | 51115 ||| Stepping ~*~*~tactically~*~*~ (hiding).
 51148 | Crypt:3  | 51148 ||| Stepping ~*~*~tactically~*~*~ (hiding).
 51228 | Crypt:3  | 51228 ||| Stepping ~*~*~tactically~*~*~ (hiding).
 51388 | Crypt:3  | 51388 ||| Stepping ~*~*~tactically~*~*~ (hiding).
 51396 | Crypt:3  | 51396 ||| INVOKING Heroism.
 51442 | Crypt:3  | 51442 ||| INVOKING Heroism.
 51542 | Crypt:3  | 51542 ||| INVOKING Heroism.
 51570 | Abyss:2  | Cast into level 2 of the Abyss (hell knight)
 51578 | Abyss:2  | 51578 ||| Stepping ~*~*~tactically~*~*~ (stealth).
 51636 | Abyss:2  | 51636 ||| Stepping ~*~*~tactically~*~*~ (hiding).
 51638 | Abyss:2  | 51638 ||| Stepping ~*~*~tactically~*~*~ (hiding).
 51656 | Abyss:2  | 51656 ||| Stepping ~*~*~tactically~*~*~ (hiding).
 51665 | Abyss:2  | 51665 ||| DRINKING 2 potions of resistance.
 51745 | Abyss:2  | 51745 ||| Stepping ~*~*~tactically~*~*~ (stealth).
 51746 | Abyss:2  | 51746 ||| Stepping ~*~*~tactically~*~*~ (stealth).
 51751 | Abyss:2  | 51751 ||| Stepping ~*~*~tactically~*~*~ (hiding).
 51753 | Abyss:2  | 51753 ||| Stepping ~*~*~tactically~*~*~ (hiding).
 51755 | Abyss:2  | 51755 ||| Stepping ~*~*~tactically~*~*~ (hiding).
 51757 | Abyss:2  | 51757 ||| INVOKING Heroism.
 51759 | Abyss:2  | 51759 ||| Stepping ~*~*~tactically~*~*~ (hiding).
 51760 | Abyss:2  | 51760 ||| Stepping ~*~*~tactically~*~*~ (hiding).
 51787 | Abyss:2  | 51787 ||| Stepping ~*~*~tactically~*~*~ (hiding).
 51788 | Abyss:2  | 51788 ||| Stepping ~*~*~tactically~*~*~ (hiding).
 51789 | Abyss:2  | 51789 ||| Stepping ~*~*~tactically~*~*~ (hiding).
 51790 | Abyss:2  | 51790 ||| DRINKING potion of resistance.
 51801 | Abyss:2  | 51801 ||| Stepping ~*~*~tactically~*~*~ (hiding).
 51815 | Abyss:2  | 51815 ||| Stepping ~*~*~tactically~*~*~ (hiding).
 51832 | Abyss:2  | 51832 ||| Stepping ~*~*~tactically~*~*~ (stealth).
 51846 | Abyss:2  | 51846 ||| Stepping ~*~*~tactically~*~*~ (stealth).
 51857 | Abyss:2  | 51857 ||| Stepping ~*~*~tactically~*~*~ (stealth).
 51858 | Abyss:2  | 51858 ||| Stepping ~*~*~tactically~*~*~ (stealth).
 51906 | Crypt:3  | Escaped the Abyss
 51907 | Crypt:3  | 51907 ||| INVOKING Heroism.
 52001 | Crypt:3  | 52001 ||| Stepping ~*~*~tactically~*~*~ (hiding).
 52082 | Crypt:3  | Found a staircase to the Tomb.
 52093 | Crypt:3  | Identified the +8 sling of Marchalil {venom, rElec rN+
                  | Str+3}
 52235 | Crypt:3  | 52235 ||| Stepping ~*~*~tactically~*~*~ (hiding).
 52236 | Crypt:3  | 52236 ||| Stepping ~*~*~tactically~*~*~ (hiding).
 52240 | Crypt:3  | 52240 ||| INVOKING Heroism.
 52248 | Crypt:3  | Received a gift from Okawaru
 52266 | Crypt:3  | Found a basalt altar of Yredelemnul.
 52266 | Crypt:3  | Noticed a dread lich
 52274 | Crypt:3  | Killed a dread lich
 52351 | Crypt:3  | 52351 ||| INVOKING Heroism.
 52621 | Crypt:3  | 52621 ||| PLANNING TOMB
 52621 | Crypt:3  | 52621 ||| SWAPPING to +6 broad axe "Killer Bee's Death"
                  | {holy, rPois rF- Will+++ Str+4}.
 52684 | Tomb:1   | Entered Level 1 of the Tomb of the Ancients
 52902 | Tomb:1   | 52902 ||| INVOKING Heroism.
 52914 | Tomb:1   | Received a gift from Okawaru
 53013 | Tomb:1   | 53013 ||| INVOKING Heroism.
 53216 | Tomb:1   | Noticed a royal mummy
 53217 | Tomb:1   | 53217 ||| INVOKING Heroism.
 53233 | Tomb:1   | Killed a royal mummy
 53234 | Tomb:1   | Received a gift from Okawaru
 53237 | Tomb:1   | Noticed a royal mummy
 53245 | Tomb:1   | Killed a royal mummy
 53246 | Tomb:1   | Reached skill level 9 in Dodging
 53246 | Tomb:1   | Reached XP level 27. HP: 89/199 MP: 31/31
 53339 | Tomb:1   | 53339 ||| INVOKING Heroism.
 53462 | Tomb:1   | 53462 ||| INVOKING Heroism.
 53525 | Tomb:1   | 53525 ||| Stepping ~*~*~tactically~*~*~ (hiding).
 53529 | Tomb:1   | 53529 ||| INVOKING Heroism.
 53535 | Tomb:1   | 53535 ||| Stepping ~*~*~tactically~*~*~ (hiding).
 53558 | Tomb:1   | 53558 ||| Stepping ~*~*~tactically~*~*~ (stealth).
 53563 | Tomb:1   | 53563 ||| Stepping ~*~*~tactically~*~*~ (hiding).
 53569 | Tomb:1   | 53569 ||| INVOKING Heroism.
 53818 | Tomb:2   | 53818 ||| DRINKING 6 potions of haste.
 53819 | Tomb:2   | 53819 ||| DRINKING 10 potions of attraction.
 53820 | Tomb:2   | 53820 ||| INVOKING Heroism.
 53822 | Tomb:2   | Noticed a royal mummy
 53827 | Tomb:2   | Noticed a royal mummy
 53828 | Tomb:2   | Noticed a royal mummy
 53830 | Tomb:2   | Noticed a royal mummy
 53833 | Tomb:2   | Killed a royal mummy
 53838 | Tomb:2   | Killed a royal mummy
 53844 | Tomb:2   | HP: 41/199 [emperor scorpion[a royal mummy] (16)]
 53845 | Tomb:2   | 53845 ||| READING 18 scrolls of teleportation.
 53846 | Tomb:2   | 53846 ||| DRINKING 12 potions of heal wounds.
 53847 | Tomb:2   | 53847 ||| INVOKING Heroism.
 53848 | Tomb:2   | 53848 ||| READING 17 scrolls of teleportation.
 53849 | Tomb:2   | 53849 ||| DRINKING 11 potions of heal wounds.
 53852 | Tomb:2   | Killed a royal mummy
 53910 | Tomb:2   | 53910 ||| INVOKING Heroism.
 53930 | Tomb:2   | Reached skill level 18 in Throwing
 53930 | Tomb:2   | 53930 ||| Stepping ~*~*~tactically~*~*~ (stealth).
 53932 | Tomb:2   | 53932 ||| Stepping ~*~*~tactically~*~*~ (stealth).
 53964 | Tomb:2   | 53964 ||| INVOKING Heroism.
 54096 | Tomb:3   | Entered Level 3 of the Tomb of the Ancients
 54097 | Tomb:3   | 54097 ||| DRINKING 5 potions of haste.
 54098 | Tomb:3   | 54098 ||| DRINKING 9 potions of attraction.
 54105 | Tomb:3   | 54105 ||| INVOKING Heroism.
 54148 | Tomb:3   | Noticed a royal mummy
 54149 | Tomb:3   | 54149 ||| INVOKING Finesse.
 54157 | Tomb:3   | Killed a royal mummy
 54160 | Tomb:3   | Noticed a royal mummy
 54169 | Tomb:3   | Noticed a royal mummy
 54177 | Tomb:3   | Noticed a royal mummy
 54184 | Tomb:3   | Killed a royal mummy
 54185 | Tomb:3   | HP: 44/199 [??? (8)]
 54186 | Tomb:3   | 54186 ||| READING 16 scrolls of teleportation.
 54187 | Tomb:3   | 54187 ||| DRINKING 10 potions of heal wounds.
 54188 | Tomb:3   | 54188 ||| READING 15 scrolls of teleportation.
 54195 | Tomb:3   | HP: 47/199 [torment (9)]
 54195 | Tomb:3   | Noticed a royal mummy
 54196 | Tomb:3   | 54196 ||| Stepping ~*~*~tactically~*~*~ (hiding).
 54199 | Tomb:3   | 54199 ||| READING 14 scrolls of teleportation.
 54200 | Tomb:3   | 54200 ||| DRINKING 9 potions of heal wounds.
 54204 | Tomb:3   | Received a gift from Okawaru
 54210 | Tomb:3   | 54210 ||| INVOKING Heroism.
 54215 | Tomb:3   | Killed a royal mummy
 54222 | Tomb:3   | HP: 49/199 [??? (9)]
 54223 | Tomb:3   | 54223 ||| READING 13 scrolls of teleportation.
 54224 | Tomb:3   | 54224 ||| DRINKING 8 potions of heal wounds.
 54226 | Tomb:3   | Noticed Khufu
 54227 | Tomb:3   | Noticed a royal mummy
 54228 | Tomb:3   | HP: 38/199 [Khufu/divine providence (14)]
 54229 | Tomb:3   | 54229 ||| READING 12 scrolls of teleportation.
 54230 | Tomb:3   | 54230 ||| DRINKING 7 potions of heal wounds.
 54230 | Tomb:3   | Noticed a royal mummy
 54231 | Tomb:3   | 54231 ||| DRINKING 6 potions of heal wounds.
 54232 | Tomb:3   | Noticed a royal mummy
 54233 | Tomb:3   | HP: 47/199 [??? (9)]
 54234 | Tomb:3   | 54234 ||| READING 11 scrolls of teleportation.
 54235 | Tomb:3   | 54235 ||| DRINKING 5 potions of heal wounds.
 54250 | Tomb:3   | 54250 ||| INVOKING Finesse.
 54263 | Tomb:3   | 54263 ||| INVOKING Heroism.
 54264 | Tomb:3   | Killed a royal mummy
 54264 | Tomb:3   | Received a gift from Okawaru
 54264 | Tomb:3   | HP: 48/199 [something (22)]
 54265 | Tomb:3   | 54265 ||| READING 10 scrolls of teleportation.
 54266 | Tomb:3   | 54266 ||| DRINKING 4 potions of heal wounds.
 54272 | Tomb:3   | Killed a royal mummy
 54296 | Tomb:3   | HP: 46/199 [something (12)]
 54300 | Tomb:3   | 54300 ||| Stepping ~*~*~tactically~*~*~ (stealth).
 54301 | Tomb:3   | 54301 ||| READING 9 scrolls of teleportation.
 54301 | Tomb:3   | HP: 44/199 [??? (8)]
 54302 | Tomb:3   | 54302 ||| DRINKING 3 potions of heal wounds.
 54310 | Tomb:3   | 54310 ||| INVOKING Heroism.
 54318 | Tomb:3   | Received a gift from Okawaru
 54335 | Tomb:3   | 54335 ||| Stepping ~*~*~tactically~*~*~ (stealth).
 54361 | Tomb:3   | 54361 ||| INVOKING Heroism.
 54362 | Tomb:3   | 54362 ||| INVOKING Finesse.
 54370 | Tomb:3   | Killed a royal mummy
 54396 | Tomb:3   | Killed a royal mummy
 54422 | Tomb:3   | 54422 ||| Stepping ~*~*~tactically~*~*~ (stealth).
 54427 | Tomb:3   | 54427 ||| Stepping ~*~*~tactically~*~*~ (stealth).
 54480 | Tomb:3   | Identified the ring of the Swan {rC+ Dex+6}
 54482 | Tomb:3   | Identified the +6 plate armour "Impuorif" {+Inv SInv}
 54484 | Tomb:3   | Identified the +3 broad axe "Demonslayer" {freeze, rElec
                  | rCorr Str+4 Dex-4}
 54490 | Tomb:3   | Identified the ring of Daev Nomush {Fire rElec rCorr Int-2
                  | Dex+3}
 54560 | Tomb:3   | Identified the +3 short sword of Gotetuej {protect, rF+++
                  | Will+ Dex+4 Stlth-}
 54626 | Tomb:3   | 54626 ||| INVOKING Heroism.
 54627 | Tomb:3   | 54627 ||| INVOKING Finesse.
 54632 | Tomb:3   | Killed Khufu
 54791 | Tomb:3   | Identified the +1 chain mail of the Past {Will+ Str+3 Int+4
                  | Dex+5}
 54807 | Tomb:3   | 54807 ||| DROPPING +4 vorpal broad axe.
 54892 | Tomb:3   | 54892 ||| INVOKING Heroism.
 54893 | Tomb:3   | 54893 ||| INVOKING Finesse.
 54902 | Tomb:3   | Killed a royal mummy
 54971 | Tomb:3   | Got a golden rune of Zot
 55041 | Tomb:3   | 55041 ||| PLANNING PAN
 55041 | Tomb:3   | 55041 ||| DROPPING +2 acid dragon scales.
 55042 | Tomb:3   | 55042 ||| DROPPING amulet of magic regeneration.
 55043 | Tomb:3   | 55043 ||| UPGRADING to ring of the Swan {rC+ Dex+6}.
 55045 | Tomb:3   | 55045 ||| DROPPING +4 ring of slaying {mikee}.
 55046 | Tomb:3   | 55046 ||| DROPPING +6 ring of strength.
 55513 | Pan      | Entered Pandemonium
 55668 | Pan      | Received a gift from Okawaru
 55681 | Pan      | 55681 ||| Stepping randomly (disturbance).
 55682 | Pan      | 55682 ||| Stepping randomly (disturbance).
 55696 | Pan      | Noticed Podin the pandemonium lord
 55696 | Pan      | 55696 ||| Stepping ~*~*~tactically~*~*~ (hiding).
 55710 | Pan      | 55710 ||| Stepping ~*~*~tactically~*~*~ (hiding).
 55732 | Pan      | 55732 ||| Stepping ~*~*~tactically~*~*~ (hiding).
 55734 | Pan      | 55734 ||| INVOKING Heroism.
 55735 | Pan      | 55735 ||| INVOKING Finesse.
 55736 | Pan      | 55736 ||| UPGRADING to +4 ring of protection.
 55756 | Pan      | 55756 ||| Stepping ~*~*~tactically~*~*~ (hiding).
 55789 | Pan      | 55789 ||| UPGRADING to ring "Kudus" {rC+ rN+ Will+ Str+5}.
 55797 | Pan      | 55797 ||| Stepping randomly (cloudy).
 55798 | Pan      | 55798 ||| Stepping randomly (cloudy).
 55826 | Pan      | 55826 ||| INVOKING Finesse.
 55837 | Pan      | Killed Podin the pandemonium lord
 55837 | Pan      | Received a gift from Okawaru
 55857 | Pan      | 55857 ||| INVOKING Heroism.
 55882 | Pan      | 55882 ||| Stepping randomly (cloudy).
 55883 | Pan      | 55883 ||| Stepping randomly (cloudy).
 55884 | Pan      | 55884 ||| Stepping randomly (cloudy).
 55936 | Pan      | Got a demonic rune of Zot
 55991 | Pan      | 55991 ||| INVOKING Heroism.
 56085 | Pan      | 56085 ||| Stepping ~*~*~tactically~*~*~ (stealth).
 56087 | Pan      | 56087 ||| Stepping ~*~*~tactically~*~*~ (hiding).
 56088 | Pan      | 56088 ||| Stepping ~*~*~tactically~*~*~ (hiding).
 56090 | Pan      | 56090 ||| Stepping ~*~*~tactically~*~*~ (hiding).
 56091 | Pan      | 56091 ||| INVOKING Heroism.
 56092 | Pan      | 56092 ||| INVOKING Finesse.
 56117 | Pan      | 56117 ||| Stepping ~*~*~tactically~*~*~ (hiding).
 56125 | Pan      | Received a gift from Okawaru
 56211 | Pan      | 56211 ||| INVOKING Heroism.
 56218 | Pan      | 56218 ||| Stepping randomly (cloudy).
 56298 | Pan      | 56298 ||| INVOKING Heroism.
 56308 | Pan      | 56308 ||| Stepping ~*~*~tactically~*~*~ (hiding).
 56313 | Pan      | 56313 ||| Stepping ~*~*~tactically~*~*~ (stealth).
 56322 | Pan      | 56322 ||| Stepping ~*~*~tactically~*~*~ (hiding).
 56323 | Pan      | 56323 ||| Stepping ~*~*~tactically~*~*~ (hiding).
 56324 | Pan      | 56324 ||| Stepping ~*~*~tactically~*~*~ (hiding).
 56369 | Pan      | 56369 ||| Stepping ~*~*~tactically~*~*~ (stealth).
 56405 | Pan      | 56405 ||| Stepping ~*~*~tactically~*~*~ (stealth).
 56406 | Pan      | 56406 ||| Stepping ~*~*~tactically~*~*~ (stealth).
 56414 | Pan      | 56414 ||| Stepping ~*~*~tactically~*~*~ (hiding).
 56417 | Pan      | 56417 ||| INVOKING Heroism.
 56439 | Pan      | Received a gift from Okawaru
 56453 | Pan      | Noticed Umulujamp the pandemonium lord
 56454 | Pan      | 56454 ||| Stepping ~*~*~tactically~*~*~ (stealth).
 56457 | Pan      | 56457 ||| Stepping ~*~*~tactically~*~*~ (stealth).
 56458 | Pan      | 56458 ||| INVOKING Finesse.
 56461 | Pan      | Killed Umulujamp the pandemonium lord
 56528 | Pan      | 56528 ||| INVOKING Heroism.
 56529 | Pan      | 56529 ||| INVOKING Finesse.
 56579 | Pan      | 56579 ||| Stepping ~*~*~tactically~*~*~ (stealth).
 56662 | Pan      | 56662 ||| INVOKING Heroism.
 56664 | Pan      | Received a gift from Okawaru
 56709 | Pan      | 56709 ||| INVOKING Heroism.
 56790 | Pan      | 56790 ||| Stepping ~*~*~tactically~*~*~ (hiding).
 56791 | Pan      | 56791 ||| Stepping ~*~*~tactically~*~*~ (hiding).
 56812 | Pan      | Reached skill level 21 in Axes
 56849 | Pan      | 56849 ||| INVOKING Heroism.
 56853 | Pan      | Received a gift from Okawaru
 56907 | Pan      | Found a huge runed translucent gate.
 56908 | Pan      | Found a huge runed translucent gate.
 56909 | Pan      | Found a huge runed translucent gate.
 56910 | Pan      | Found a huge runed translucent gate.
 56917 | Pan      | Found a huge runed translucent gate.
 56917 | Pan      | Found a huge runed translucent gate.
 56918 | Pan      | Found an exit through the horrors of the Abyss.
 56959 | Pan      | 56959 ||| Stepping ~*~*~tactically~*~*~ (hiding).
 56982 | Pan      | 56982 ||| Stepping ~*~*~tactically~*~*~ (stealth).
 56988 | Pan      | 56988 ||| INVOKING Heroism.
 57316 | Pan      | 57316 ||| Stepping ~*~*~tactically~*~*~ (stealth).
 57317 | Pan      | 57317 ||| Stepping ~*~*~tactically~*~*~ (stealth).
 57318 | Pan      | 57318 ||| Stepping randomly (disturbance).
 57319 | Pan      | 57319 ||| Stepping randomly (disturbance).
 57372 | Pan      | 57372 ||| Stepping ~*~*~tactically~*~*~ (hiding).
 57375 | Pan      | 57375 ||| INVOKING Heroism.
 57553 | Pan      | 57553 ||| INVOKING Heroism.
 57637 | Pan      | 57637 ||| Stepping ~*~*~tactically~*~*~ (hiding).
 57639 | Pan      | 57639 ||| Stepping ~*~*~tactically~*~*~ (hiding).
 57640 | Pan      | 57640 ||| Stepping ~*~*~tactically~*~*~ (hiding).
 57645 | Pan      | 57645 ||| INVOKING Heroism.
 57739 | Pan      | 57739 ||| Stepping ~*~*~tactically~*~*~ (stealth).
 57805 | Pan      | 57805 ||| Stepping ~*~*~tactically~*~*~ (stealth).
 57929 | Pan      | 57929 ||| INVOKING Heroism.
 58098 | Pan      | 58098 ||| Stepping ~*~*~tactically~*~*~ (hiding).
 58174 | Pan      | 58174 ||| Stepping ~*~*~tactically~*~*~ (stealth).
 58249 | Pan      | 58249 ||| Stepping ~*~*~tactically~*~*~ (stealth).
 58250 | Pan      | 58250 ||| Stepping ~*~*~tactically~*~*~ (stealth).
 58280 | Pan      | 58280 ||| Stepping ~*~*~tactically~*~*~ (stealth).
 58281 | Pan      | 58281 ||| Stepping ~*~*~tactically~*~*~ (stealth).
 58285 | Pan      | 58285 ||| Stepping ~*~*~tactically~*~*~ (hiding).
 58286 | Pan      | 58286 ||| INVOKING Heroism.
 58671 | Pan      | 58671 ||| Stepping ~*~*~tactically~*~*~ (stealth).
 58694 | Pan      | 58694 ||| Stepping ~*~*~tactically~*~*~ (stealth).
 58717 | Pan      | 58717 ||| Stepping ~*~*~tactically~*~*~ (stealth).
 58762 | Pan      | 58762 ||| INVOKING Heroism.
 58986 | Pan      | 58986 ||| Stepping ~*~*~tactically~*~*~ (stealth).
 59033 | Pan      | 59033 ||| INVOKING Heroism.
 59100 | Pan      | 59100 ||| Stepping ~*~*~tactically~*~*~ (hiding).
 59139 | Pan      | 59139 ||| Stepping ~*~*~tactically~*~*~ (hiding).
 59140 | Pan      | 59140 ||| Stepping ~*~*~tactically~*~*~ (hiding).
 59144 | Pan      | 59144 ||| INVOKING Heroism.
 59298 | Pan      | 59298 ||| DROPPING amulet of the acrobat.
 59299 | Pan      | 59299 ||| Stepping randomly (cloudy).
 59300 | Pan      | 59300 ||| Stepping randomly (cloudy).
 59301 | Pan      | 59301 ||| Stepping randomly (cloudy).
 59381 | Pan      | 59381 ||| INVOKING Heroism.
 59437 | Pan      | 59437 ||| INVOKING Heroism.
 59537 | Pan      | 59537 ||| Stepping ~*~*~tactically~*~*~ (stealth).
 59538 | Pan      | 59538 ||| Stepping ~*~*~tactically~*~*~ (stealth).
 59607 | Pan      | 59607 ||| Stepping ~*~*~tactically~*~*~ (hiding).
 59608 | Pan      | 59608 ||| Stepping ~*~*~tactically~*~*~ (hiding).
 59610 | Pan      | 59610 ||| Stepping ~*~*~tactically~*~*~ (hiding).
 59714 | Pan      | 59714 ||| Stepping ~*~*~tactically~*~*~ (stealth).
 59716 | Pan      | 59716 ||| Stepping ~*~*~tactically~*~*~ (hiding).
 59776 | Pan      | 59776 ||| Stepping ~*~*~tactically~*~*~ (stealth).
 59777 | Pan      | 59777 ||| Stepping ~*~*~tactically~*~*~ (stealth).
 59940 | Pan      | 59940 ||| Stepping ~*~*~tactically~*~*~ (hiding).
 59946 | Pan      | 59946 ||| INVOKING Heroism.
 60095 | Pan      | 60095 ||| Stepping ~*~*~tactically~*~*~ (stealth).
 60144 | Pan      | 60144 ||| Stepping ~*~*~tactically~*~*~ (hiding).
 60288 | Pan      | 60288 ||| Stepping ~*~*~tactically~*~*~ (hiding).
 60289 | Pan      | 60289 ||| Stepping ~*~*~tactically~*~*~ (hiding).
 60774 | Pan      | 60774 ||| Stepping ~*~*~tactically~*~*~ (stealth).
 60780 | Pan      | 60780 ||| INVOKING Heroism.
 60875 | Pan      | 60875 ||| INVOKING Heroism.
 61020 | Pan      | 61020 ||| Stepping ~*~*~tactically~*~*~ (hiding).
 61028 | Pan      | 61028 ||| Stepping ~*~*~tactically~*~*~ (stealth).
 61106 | Pan      | 61106 ||| Stepping ~*~*~tactically~*~*~ (stealth).
 61107 | Pan      | 61107 ||| Stepping ~*~*~tactically~*~*~ (stealth).
 61108 | Pan      | 61108 ||| INVOKING Heroism.
 61165 | Pan      | 61165 ||| INVOKING Heroism.
 61297 | Pan      | 61297 ||| Stepping ~*~*~tactically~*~*~ (hiding).
 61341 | Pan      | 61341 ||| Stepping ~*~*~tactically~*~*~ (stealth).
 61343 | Pan      | 61343 ||| Stepping ~*~*~tactically~*~*~ (stealth).
 61408 | Pan      | 61408 ||| Stepping ~*~*~tactically~*~*~ (stealth).
 61459 | Pan      | 61459 ||| Stepping ~*~*~tactically~*~*~ (stealth).
 61549 | Pan      | 61549 ||| Stepping ~*~*~tactically~*~*~ (hiding).
 61550 | Pan      | 61550 ||| Stepping ~*~*~tactically~*~*~ (hiding).
 61685 | Pan      | 61685 ||| Stepping ~*~*~tactically~*~*~ (hiding).
 61686 | Pan      | 61686 ||| Stepping ~*~*~tactically~*~*~ (hiding).
 61754 | Pan      | 61754 ||| Stepping ~*~*~tactically~*~*~ (stealth).
 61796 | Pan      | 61796 ||| Stepping ~*~*~tactically~*~*~ (stealth).
 62028 | Pan      | 62028 ||| INVOKING Heroism.
 62068 | Pan      | 62068 ||| Stepping ~*~*~tactically~*~*~ (stealth).
 62360 | Pan      | 62360 ||| Stepping ~*~*~tactically~*~*~ (hiding).
 62361 | Pan      | 62361 ||| Stepping ~*~*~tactically~*~*~ (hiding).
 62365 | Pan      | 62365 ||| INVOKING Heroism.
 62526 | Pan      | 62526 ||| Stepping ~*~*~tactically~*~*~ (stealth).
 62529 | Pan      | 62529 ||| Stepping ~*~*~tactically~*~*~ (stealth).
 62583 | Pan      | 62583 ||| Stepping ~*~*~tactically~*~*~ (stealth).
 62584 | Pan      | 62584 ||| Stepping ~*~*~tactically~*~*~ (stealth).
 62585 | Pan      | 62585 ||| Stepping ~*~*~tactically~*~*~ (stealth).
 62599 | Pan      | 62599 ||| Stepping ~*~*~tactically~*~*~ (hiding).
 62603 | Pan      | 62603 ||| INVOKING Heroism.
 62606 | Pan      | 62606 ||| Stepping ~*~*~tactically~*~*~ (hiding).
 62678 | Pan      | 62678 ||| Stepping ~*~*~tactically~*~*~ (stealth).
 62807 | Pan      | 62807 ||| Stepping ~*~*~tactically~*~*~ (stealth).
 62808 | Pan      | 62808 ||| Stepping ~*~*~tactically~*~*~ (stealth).
 62809 | Pan      | 62809 ||| Stepping ~*~*~tactically~*~*~ (stealth).
 62810 | Pan      | 62810 ||| Stepping ~*~*~tactically~*~*~ (stealth).
 62813 | Pan      | 62813 ||| INVOKING Heroism.
 62825 | Pan      | 62825 ||| Stepping ~*~*~tactically~*~*~ (hiding).
 62861 | Pan      | 62861 ||| Stepping ~*~*~tactically~*~*~ (stealth).
 62918 | Pan      | 62918 ||| Stepping ~*~*~tactically~*~*~ (hiding).
 63120 | Pan      | 63120 ||| INVOKING Heroism.
 63395 | Pan      | 63395 ||| Stepping ~*~*~tactically~*~*~ (hiding).
 63397 | Pan      | 63397 ||| Stepping ~*~*~tactically~*~*~ (hiding).
 63398 | Pan      | 63398 ||| Stepping ~*~*~tactically~*~*~ (hiding).
 63494 | Pan      | 63494 ||| Stepping ~*~*~tactically~*~*~ (stealth).
 63495 | Pan      | 63495 ||| Stepping ~*~*~tactically~*~*~ (stealth).
 63640 | Pan      | 63640 ||| INVOKING Heroism.
 63929 | Pan      | 63929 ||| INVOKING Heroism.
 64025 | Pan      | 64025 ||| Stepping randomly (cloudy).
 64061 | Pan      | 64061 ||| Stepping ~*~*~tactically~*~*~ (hiding).
 64069 | Pan      | 64069 ||| Stepping ~*~*~tactically~*~*~ (stealth).
 64165 | Pan      | 64165 ||| Stepping ~*~*~tactically~*~*~ (stealth).
 64179 | Pan      | 64179 ||| INVOKING Heroism.
 64226 | Pan      | 64226 ||| Stepping ~*~*~tactically~*~*~ (stealth).
 64287 | Pan      | 64287 ||| Stepping ~*~*~tactically~*~*~ (stealth).
 64296 | Pan      | 64296 ||| Stepping ~*~*~tactically~*~*~ (cloud).
 64402 | Pan      | 64402 ||| Stepping ~*~*~tactically~*~*~ (stealth).
 64403 | Pan      | 64403 ||| Stepping ~*~*~tactically~*~*~ (stealth).
 64404 | Pan      | 64404 ||| Stepping ~*~*~tactically~*~*~ (stealth).
 64408 | Pan      | 64408 ||| Stepping ~*~*~tactically~*~*~ (hiding).
 64416 | Pan      | Reached skill level 12 in Dodging
 64530 | Pan      | 64530 ||| Stepping ~*~*~tactically~*~*~ (cloud).
 64547 | Pan      | 64547 ||| Stepping ~*~*~tactically~*~*~ (stealth).
 64548 | Pan      | 64548 ||| Stepping ~*~*~tactically~*~*~ (stealth).
 64551 | Pan      | 64551 ||| Stepping ~*~*~tactically~*~*~ (hiding).
 64584 | Pan      | 64584 ||| Stepping ~*~*~tactically~*~*~ (stealth).
 64650 | Pan      | 64650 ||| INVOKING Heroism.
 64705 | Pan      | 64705 ||| Stepping ~*~*~tactically~*~*~ (hiding).
 64922 | Pan      | 64922 ||| INVOKING Heroism.
 65009 | Pan      | 65009 ||| Stepping ~*~*~tactically~*~*~ (stealth).
 65015 | Pan      | 65015 ||| Stepping ~*~*~tactically~*~*~ (hiding).
 65336 | Pan      | 65336 ||| INVOKING Heroism.
 65554 | Pan      | 65554 ||| Stepping ~*~*~tactically~*~*~ (hiding).
 65555 | Pan      | 65555 ||| Stepping ~*~*~tactically~*~*~ (hiding).
 65556 | Pan      | 65556 ||| Stepping ~*~*~tactically~*~*~ (hiding).
 65840 | Pan      | 65840 ||| Stepping ~*~*~tactically~*~*~ (hiding).
 66002 | Pan      | 66002 ||| Stepping ~*~*~tactically~*~*~ (hiding).
 66027 | Pan      | 66027 ||| Stepping ~*~*~tactically~*~*~ (stealth).
 66059 | Pan      | 66059 ||| Stepping ~*~*~tactically~*~*~ (stealth).
 66061 | Pan      | 66061 ||| Stepping ~*~*~tactically~*~*~ (hiding).
 66115 | Pan      | 66115 ||| Stepping ~*~*~tactically~*~*~ (stealth).
 66116 | Pan      | 66116 ||| Stepping ~*~*~tactically~*~*~ (stealth).
 66118 | Pan      | 66118 ||| Stepping ~*~*~tactically~*~*~ (stealth).
 66190 | Pan      | Found a huge runed translucent gate.
 66224 | Pan      | 66224 ||| Stepping ~*~*~tactically~*~*~ (hiding).
 66225 | Pan      | 66225 ||| Stepping ~*~*~tactically~*~*~ (hiding).
 66228 | Pan      | 66228 ||| INVOKING Heroism.
 66239 | Pan      | 66239 ||| Stepping ~*~*~tactically~*~*~ (hiding).
 66372 | Pan      | 66372 ||| Stepping ~*~*~tactically~*~*~ (stealth).
 66373 | Pan      | 66373 ||| Stepping ~*~*~tactically~*~*~ (stealth).
 66429 | Pan      | 66429 ||| INVOKING Heroism.
 66712 | Pan      | 66712 ||| INVOKING Heroism.
 66749 | Pan      | 66749 ||| Stepping ~*~*~tactically~*~*~ (hiding).
 66916 | Pan      | 66916 ||| Stepping ~*~*~tactically~*~*~ (hiding).
 66921 | Pan      | 66921 ||| INVOKING Heroism.
 67135 | Pan      | 67135 ||| Stepping ~*~*~tactically~*~*~ (cloud).
 67209 | Pan      | 67209 ||| INVOKING Heroism.
 67296 | Pan      | 67296 ||| Stepping ~*~*~tactically~*~*~ (hiding).
 67426 | Pan      | 67426 ||| Stepping ~*~*~tactically~*~*~ (hiding).
 67428 | Pan      | 67428 ||| Stepping ~*~*~tactically~*~*~ (hiding).
 67429 | Pan      | 67429 ||| Stepping ~*~*~tactically~*~*~ (hiding).
 67430 | Pan      | 67430 ||| Stepping ~*~*~tactically~*~*~ (hiding).
 67431 | Pan      | 67431 ||| Stepping ~*~*~tactically~*~*~ (hiding).
 67436 | Pan      | 67436 ||| INVOKING Heroism.
 67471 | Pan      | 67471 ||| Stepping ~*~*~tactically~*~*~ (stealth).
 67472 | Pan      | 67472 ||| Stepping ~*~*~tactically~*~*~ (cloud).
 67483 | Pan      | 67483 ||| Stepping ~*~*~tactically~*~*~ (stealth).
 67632 | Pan      | 67632 ||| Stepping ~*~*~tactically~*~*~ (stealth).
 67634 | Pan      | 67634 ||| Stepping ~*~*~tactically~*~*~ (hiding).
 67637 | Pan      | 67637 ||| INVOKING Heroism.
 67695 | Pan      | Received a gift from Okawaru
 67773 | Pan      | 67773 ||| Stepping ~*~*~tactically~*~*~ (hiding).
 67774 | Pan      | 67774 ||| Stepping ~*~*~tactically~*~*~ (stealth).
 67793 | Pan      | 67793 ||| Stepping ~*~*~tactically~*~*~ (cloud).
 67794 | Pan      | 67794 ||| Stepping ~*~*~tactically~*~*~ (cloud).
 67795 | Pan      | 67795 ||| Stepping ~*~*~tactically~*~*~ (cloud).
 68117 | Pan      | 68117 ||| Stepping ~*~*~tactically~*~*~ (hiding).
 68120 | Pan      | 68120 ||| INVOKING Heroism.
 68170 | Pan      | 68170 ||| Stepping ~*~*~tactically~*~*~ (stealth).
 68349 | Pan      | 68349 ||| INVOKING Heroism.
 68447 | Pan      | 68447 ||| Stepping ~*~*~tactically~*~*~ (stealth).
 68448 | Pan      | 68448 ||| Stepping ~*~*~tactically~*~*~ (stealth).
 68690 | Pan      | 68690 ||| Stepping ~*~*~tactically~*~*~ (hiding).
 68748 | Pan      | 68748 ||| Stepping ~*~*~tactically~*~*~ (hiding).
 68749 | Pan      | 68749 ||| Stepping ~*~*~tactically~*~*~ (hiding).
 68751 | Pan      | 68751 ||| Stepping ~*~*~tactically~*~*~ (hiding).
 68904 | Pan      | 68904 ||| Stepping ~*~*~tactically~*~*~ (stealth).
 69080 | Pan      | Received a gift from Okawaru
 69082 | Pan      | 69082 ||| Stepping ~*~*~tactically~*~*~ (cloud).
 69134 | Pan      | 69134 ||| Stepping ~*~*~tactically~*~*~ (hiding).
 69257 | Pan      | 69257 ||| INVOKING Heroism.
 69345 | Pan      | 69345 ||| INVOKING Heroism.
 69476 | Pan      | 69476 ||| INVOKING Heroism.
 69798 | Pan      | 69798 ||| INVOKING Heroism.
 69819 | Pan      | 69819 ||| INVOKING Heroism.
 70166 | Pan      | 70166 ||| INVOKING Heroism.
 70381 | Pan      | 70381 ||| Stepping ~*~*~tactically~*~*~ (hiding).
 70437 | Pan      | 70437 ||| Stepping ~*~*~tactically~*~*~ (stealth).
 70465 | Pan      | 70465 ||| Stepping ~*~*~tactically~*~*~ (stealth).
 70726 | Pan      | 70726 ||| Stepping ~*~*~tactically~*~*~ (stealth).
 70727 | Pan      | 70727 ||| Stepping ~*~*~tactically~*~*~ (stealth).
 70758 | Pan      | 70758 ||| Stepping ~*~*~tactically~*~*~ (cloud).
 70767 | Pan      | 70767 ||| INVOKING Heroism.
 70927 | Pan      | 70927 ||| INVOKING Heroism.
 71025 | Pan      | Received a gift from Okawaru
 71103 | Pan      | 71103 ||| Stepping ~*~*~tactically~*~*~ (stealth).
 71133 | Pan      | 71133 ||| Stepping ~*~*~tactically~*~*~ (stealth).
 71279 | Pan      | 71279 ||| Stepping ~*~*~tactically~*~*~ (stealth).
 71335 | Pan      | 71335 ||| Stepping ~*~*~tactically~*~*~ (stealth).
 71340 | Pan      | 71340 ||| INVOKING Heroism.
 71344 | Pan      | 71344 ||| Stepping ~*~*~tactically~*~*~ (hiding).
 71379 | Pan      | 71379 ||| Stepping ~*~*~tactically~*~*~ (hiding).
 71615 | Pan      | 71615 ||| Stepping ~*~*~tactically~*~*~ (stealth).
 71616 | Pan      | 71616 ||| Stepping ~*~*~tactically~*~*~ (stealth).
 71621 | Pan      | 71621 ||| Stepping ~*~*~tactically~*~*~ (stealth).
 71626 | Pan      | 71626 ||| Stepping ~*~*~tactically~*~*~ (hiding).
 71962 | Pan      | 71962 ||| Stepping ~*~*~tactically~*~*~ (stealth).
 71963 | Pan      | 71963 ||| Stepping ~*~*~tactically~*~*~ (stealth).
 71974 | Pan      | 71974 ||| Stepping ~*~*~tactically~*~*~ (stealth).
 72279 | Pan      | 72279 ||| Stepping ~*~*~tactically~*~*~ (stealth).
 72280 | Pan      | 72280 ||| Stepping ~*~*~tactically~*~*~ (stealth).
 72311 | Pan      | 72311 ||| Stepping ~*~*~tactically~*~*~ (hiding).
 72317 | Pan      | 72317 ||| INVOKING Heroism.
 72496 | Pan      | 72496 ||| INVOKING Heroism.
 72592 | Pan      | 72592 ||| INVOKING Heroism.
 72643 | Pan      | 72643 ||| Stepping ~*~*~tactically~*~*~ (stealth).
 72778 | Pan      | Entered the realm of Cerebov.
 72792 | Pan      | 72792 ||| INVOKING Heroism.
 72841 | Pan      | Found an exit through the horrors of the Abyss.
 72875 | Pan      | 72875 ||| Stepping ~*~*~tactically~*~*~ (hiding).
 72876 | Pan      | 72876 ||| Stepping ~*~*~tactically~*~*~ (stealth).
 72877 | Pan      | 72877 ||| Stepping ~*~*~tactically~*~*~ (stealth).
 72886 | Pan      | 72886 ||| Stepping ~*~*~tactically~*~*~ (hiding).
 72888 | Pan      | 72888 ||| INVOKING Heroism.
 72912 | Pan      | 72912 ||| Stepping ~*~*~tactically~*~*~ (stealth).
 72922 | Pan      | Found the +6 sword of Cerebov {flame}
 72922 | Pan      | Noticed Cerebov
 72925 | Pan      | 72925 ||| Stepping ~*~*~tactically~*~*~ (hiding).
 72933 | Pan      | 72933 ||| INVOKING Heroism.
 72946 | Pan      | Received a gift from Okawaru
 72949 | Pan      | HP: 33/199 [Cerebov/the +6 sword of Cerebov {flame} (26)]
 72950 | Pan      | 72950 ||| READING 11 scrolls of teleportation.
 72950 | Pan      | HP: 12/199 [Cerebov/the +6 sword of Cerebov {flame} (8)]
 72951 | Pan      | 72951 ||| DRINKING 2 potions of heal wounds.
 72951 | Pan      | Killed from afar by Cerebov

Levels and vault maps discovered:
D:1:      kb_arrival_jail, layout_basic, serial_shops, shop_statue
D:2:      layout_loops_ring, serial_rivers, chequers_serial_rivers_small_b,
          chequers_serial_rivers_micro_e, chequers_serial_rivers_micro_b,
          chequers_serial_rivers_room_a, chequers_serial_rivers_small_3,
          chequers_serial_rivers_room_a, basic_ecumenical_altar, uniq_robin
D:3:      layout_rooms, cheibrodos_sewer_entry_bend, uniq_grinder
D:4:      layout_cave_pools, kennysheep_little_box,
          nicolae_ossuary_entry_monument, nicolae_wooded_promenade
D:5:      layout_loops_ring, mainiacjoe_overflow_alcove_4,
          minmay_temple_entry_mini_moons, serial_shops, nicolae_diamond_shop,
          nicolae_shop_statue_plus, kennysheep_mini_moat
D:6:      layout_basic, mainiacjoe_overflow_catwalk,
          mainiacjoe_overflow_catch_the_wave, uniq_sigmund
D:7:      layout_gridville, chequers_serial_rivers_micro_d,
          minmay_misc_feat_enclosed
D:8:      layout_loops_ring, nicolae_wu_jian_glorious_leap, enter_bailey_6
D:9:      kennysheep_ambush_hall, layout_long_grid, lemuel_doored_altar,
          nicolae_shop_dragon_depot, chequers_avenue, minmay_ruined_shrine
D:10:     layout_cave_pools, nicolae_gozag_seed_capital
D:11:     layout_grid_maze, lair_entry_dummy
D:12:     layout_roguey, erik_orc_1
D:13:     layout_rooms, serial_shops, shop, minmay_sticks_and_stones
D:14:     layout_basic, grunt_vaults_entry_fortified, infiniplex_staircase_star
D:15:     hangedman_depths_entry_civil_slaughter, layout_basic, serial_shops,
          nicolae_shop_crystal, minmay_misc_feat_cross
Temple:   jpeg_temple_clearing
Lair:1:   layout_cave_pods, chequers_serial_rivers_small_3, beast_lair_carwin_1,
          lemuel_fruit_fields, lemuel_fruit_fields, grunt_megastairs_3
Lair:2:   layout_regular_city, minmay_snake_entry_guardpost_small,
          serial_bayou_pond_b
Lair:3:   beast_lair_carwin_large_2, layout_long_grid, minmay_swamp_entry_swarm,
          special_room [special_room_mythical_zoo], minivault_11,
          chequers_serial_rivers_marsh, uniq_amaemon
Lair:4:   layout_roguey [special_room_bee], slime_entry_1,
          portal_ice_cave_demonic_guard
Lair:5:   hangedman_lair_in_review, layout_concentric_octagons,
          hangedman_lair_caniforms_friends, dreamdust_mushroom_princess
Swamp:1:  layout_basic_swamp, evilmike_swamp_ruin_wall, uniq_mlioglotl
Swamp:2:  cheibrodos_swamp_heart_of_darkness, layout_falls_marsh,
          serial_swamp_ruin, evilmike_swamp_ruin_house_1,
          evilmike_swamp_ruin_house_6, evilmike_swamp_ruin_rubble_2,
          hangedman_swamp_grove, uniq_donald
Swamp:3:  layout_basic_swamp, evilmike_swamp_ruin_rubble_1
Swamp:4:  swamp_fiery, layout_basic_swamp
Snake:1:  layout_rooms, drop_trap, grunt_ministairs_15
Snake:2:  layout_onion, basic_altar, uniq_vashnia, uniq_kirke, uniq_aizul
Snake:3:  nicolae_snake_crotalidae_crossing, layout_chambers
Snake:4:  grunt_snake_rune_serpentine_throne, layout_cave_town,
          nicolae_snake_biting_tails, nicolae_shop_gadgets, uniq_asterion
Orc:1:    layout_caves, uniq_fannar
Orc:2:    st_orc_mages, layout_diamond_mine, serial_shops,
          nicolae_shop_hallway_plus, gauntlet_entry_generic,
          nicolae_orc_bridge_out, uniq_rupert, uniq_snorg
Vaults:1: infiniplex_enter_wizlab_glasses, v_rooms_4,
          nicolae_vaults_border_crossing, vaults_standard_mumra_lines,
          nicolae_vaults_what_the_h, nicolae_vaults_specimen_jars,
          layout_vaults_omnigrid, uniq_saint_roka
Vaults:2: vaults_room_ringed_pool, v_misc_13, ontoclasm_vaults_pinch,
          ontoclasm_vaults_tryst, gammafunk_the_bubble
          [the_bubble_gammafunk_grid], vaults_room_semicircle, v_rooms_5,
          minmay_crypt_entry_necro_gods, nicolae_vaults_yaktaur_gun_rack,
          vaults_dpeg_diagonal, v_misc_3, ontoclasm_vaults_twist,
          vaults_room_door_hall, layout_vaults_omnibox, uniq_xtahua, uniq_mara,
          uniq_margery
Vaults:3: v_misc_1, v_misc_26, vaults_room_octagon,
          nicolae_vaults_circle_grid_a, nicolae_vaults_network_barrier,
          hangedman_vaults_corner, hangedman_vaults_trim,
          hangedman_vaults_restitches, nicolae_vaults_little_squares_4,
          sword_in_stone, vaults_room_door_ring, layout_vaults_omnicross,
          uniq_zenata
Vaults:4: grunt_vaults_focal, nicolae_vaults_network_star, ontoclasm_vaults_eye,
          v_misc_8, nicolae_vaults_little_squares_3, v_misc_26, v_alt_pattern_3,
          hangedman_vaults_hard_town_square, hangedman_vaults_river_flow,
          v_rooms_1, vaults_dpeg_hooks, nicolae_vaults_little_ls,
          vaults_room_stairs_pillars, layout_vaults_ring
Vaults:5: serial_shops
Crypt:1:  layout_regular_city, serial_sigils_hangedman_writhe,
          grunt_ministairs_12, minivault_19
Crypt:2:  layout_chaotic_city, basic_altar
Crypt:3:  cryptofortress_bobbens
Tomb:1
Tomb:2
Tomb:3
Depths:1: hangedman_stitches_corridor, layout_gridlike, enter_ziggurat_e,
          hell_entry, chequers_serial_rivers_room_a, minislime_mu
Depths:2: minmay_connected_boxes_in_corner, layout_cave_shapes,
          okawaru_gym_becter, pan_entry, hellmouth_1, minmay_shoptagon
Depths:3: grunt_deathspiral_large, layout_cave_shapes, minmay_room_of_horrors,
          hangedman_decor_diamond_cutter, hell_entry, uniq_parghit, uniq_grunn,
          uniq_frederick
Depths:4: evilmike_zot_entry_basic, layout_cave_pools, hell_entry, abyss_entry,
          minmay_misc_feat_hallway
Zot:1:    layout_concentric_octagons
Zot:2:    kennysheep_room_grid, layout_cellular_growth, grunt_ministairs_8,
          nicolae_zot_crop_circle
Zot:3:    kennysheep_blocky_hall, layout_twisted_circle, skrybe_zot_glass_1
Zot:4:    layout_gridlike, grunt_megastairs_2
Pan:      grunt_pan_frozen_over, layout_long_grid, reaverb_pan_squares,
          evilmike_mini_pan_other_thingy, layout_basic, grunt_pan_sceptre,
          layout_grid_shapes, nicolae_pan_giant_door, layout_cellular_growth,
          evilmike_mini_pan_corridor, layout_rooms, cerebov_grunt,
          layout_pan_divisions_a [pan_division_quadrant_a2,
          pan_division_quadrant_a2, pan_division_quadrant_a2,
          pan_division_quadrant_a4, pan_division_octagon_box]

Skill      XL: |  1  2  3  4  5  6  7  8  9 10 11 12 13 14 15 16 17 18 19 20 21 22 23 24 25 26 27 |
---------------+----------------------------------------------------------------------------------+-----
Axes           | 2 3 4 6 7 8 9 10 11 12 13 15 16 17 18 22 | 22.0
Fighting       | 4 5 6 7 8 9 10 11 13 14 15 16 17 18 19 21 22 24 26 27 | 27.0
Dodging        | 1 2 3 4 5 6 7 9 14 | 14.5
Armour         | 4 6 7 9 10 11 13 14 15 16 17 19 20 21 22 | 22.0
Shields        | 4 9 10 11 12 13 14 17 19 20 21 22 | 22.0
Invocations    | 4 8 10 11 | 11.5
Throwing       | 1 4 5 8 9 10 11 12 13 15 17 20 | 20.2

Action                   |  1- 3 |  4- 6 |  7- 9 | 10-12 | 13-15 | 16-18 | 19-21 | 22-24 | 25-27 || total
-------------------------+-------+-------+-------+-------+-------+-------+-------+-------+-------++-------
Melee: War axe           |    87 |    85 |   357 |   484 |  1090 |  1432 |   452 |   860 |  1463 ||  6310
       Flail             |       |       |       |       |    17 |       |       |       |       ||    17
       Demon whip        |       |       |       |       |     9 |       |       |       |       ||     9
       Broad axe         |       |       |       |       |       |       |   789 |   448 |  1377 ||  2614
Throw: Boomerang         |       |       |     5 |    69 |    76 |    38 |       |       |   251 ||   439
       Javelin           |       |       |       |       |    78 |    53 |    93 |   151 |   378 ||   753
Invok: Heroism           |       |       |     3 |    19 |    35 |    49 |    33 |    40 |   111 ||   290
       Finesse           |       |       |       |     1 |     8 |     7 |     8 |    15 |    10 ||    49
  Use: Scroll            |     4 |     4 |    12 |     6 |     8 |     3 |     3 |     3 |    11 ||    54
       Potion            |     1 |     1 |     4 |     1 |       |       |     3 |     3 |    17 ||    30
 Stab: Petrified         |       |       |       |       |     4 |       |       |       |       ||     4
       Petrifying        |       |       |       |       |     2 |       |       |       |       ||     2
       Paralysed         |       |       |       |       |       |       |       |     1 |       ||     1
Armor: Scale mail        |    33 |       |       |       |       |       |       |       |       ||    33
       Chain mail        |    25 |    58 |   226 |   109 |       |       |       |       |       ||   418
       Plate armour      |       |       |       |   165 |   497 |   827 |   779 |   609 |  1513 ||  4390
Dodge: Dodged            |    25 |    22 |   109 |   148 |   271 |   364 |   314 |   286 |   677 ||  2216
       Repelled          |       |       |       |       |     2 |       |       |       |       ||     2
Block: Buckler           |    16 |    10 |    63 |       |       |       |       |       |       ||    89
       Kite shield       |       |       |     3 |   293 |   547 |   286 |       |       |       ||  1129
       Tower shield      |       |       |       |       |       |   791 |  1015 |  1033 |  2500 ||  5339

Table legend:
 A = Non-vault XP
 B = Vault XP
 C = Vault XP percentage of total XP
 D = Non-vault monster count
 E = Vault monster count
 F = Vault count percentage of total count
                 A         B        C        D         E       F
            +---------+---------+-------+---------+---------+-------
      Total |  970428 |  734854 |  43.1 |    1819 |    1125 |  38.2
            +---------+---------+-------+---------+---------+-------
        D:1 |      36 |       0 |   0.0 |      19 |       0 |   0.0
        D:2 |      26 |      37 |  58.7 |       8 |      13 |  61.9
        D:3 |     124 |     286 |  69.8 |      24 |       2 |   7.7
        D:4 |     658 |       0 |   0.0 |      18 |       0 |   0.0
        D:5 |     528 |       0 |   0.0 |      16 |       0 |   0.0
        D:6 |     512 |     223 |  30.3 |      11 |       1 |   8.3
        D:7 |    1639 |       0 |   0.0 |      35 |       0 |   0.0
        D:8 |    1369 |       0 |   0.0 |      11 |       0 |   0.0
        D:9 |    5460 |    3255 |  37.3 |      47 |      15 |  24.2
       D:10 |    2367 |       0 |   0.0 |      11 |       0 |   0.0
       D:11 |    5791 |       0 |   0.0 |      36 |       0 |   0.0
       D:12 |    3652 |     592 |  13.9 |      17 |      17 |  50.0
       D:13 |    5419 |     434 |   7.4 |      17 |       1 |   5.6
       D:14 |   10077 |    6387 |  38.8 |      21 |      10 |  32.3
       D:15 |   15635 |    2480 |  13.7 |      30 |       4 |  11.8
     Lair:1 |    4930 |    1922 |  28.1 |      19 |      11 |  36.7
     Lair:2 |    6516 |     788 |  10.8 |      29 |       5 |  14.7
     Lair:3 |    9429 |    7576 |  44.6 |      39 |      34 |  46.6
     Lair:4 |    4620 |    3159 |  40.6 |      16 |      27 |  62.8
     Lair:5 |    9393 |   20083 |  68.1 |      25 |      77 |  75.5
    Swamp:1 |    5746 |    1786 |  23.7 |      15 |       1 |   6.2
    Swamp:2 |   11799 |   11615 |  49.6 |      31 |      17 |  35.4
    Swamp:3 |   11547 |       0 |   0.0 |      19 |       0 |   0.0
    Swamp:4 |   15211 |   14274 |  48.4 |      27 |      28 |  50.9
    Snake:1 |   13752 |    2388 |  14.8 |      30 |       5 |  14.3
    Snake:2 |   20722 |    8433 |  28.9 |      37 |       9 |  19.6
    Snake:3 |   15562 |    4069 |  20.7 |      35 |      12 |  25.5
    Snake:4 |   17366 |   25863 |  59.8 |      34 |      35 |  50.7
      Orc:1 |    3723 |     920 |  19.8 |      18 |       1 |   5.3
      Orc:2 |    1501 |    8348 |  84.8 |      28 |      46 |  62.2
   Vaults:1 |   21792 |   27941 |  56.2 |      29 |      45 |  60.8
   Vaults:2 |   25853 |   27666 |  51.7 |      35 |      24 |  40.7
   Vaults:3 |   36231 |   32739 |  47.5 |      46 |      36 |  43.9
   Vaults:4 |   16205 |   33993 |  67.7 |      25 |      44 |  63.8
   Vaults:5 |   41214 |   98078 |  70.4 |      52 |      93 |  64.1
    Crypt:1 |   22495 |     205 |   0.9 |      38 |       1 |   2.6
    Crypt:2 |   30351 |    2957 |   8.9 |      46 |      13 |  22.0
    Crypt:3 |       0 |   54063 | 100.0 |       0 |      79 | 100.0
     Tomb:1 |    3389 |   26156 |  88.5 |      11 |      28 |  71.8
     Tomb:2 |    4342 |   43262 |  90.9 |      17 |      48 |  73.8
     Tomb:3 |    8070 |   73036 |  90.1 |      15 |      82 |  84.5
   Depths:1 |   41969 |   23558 |  36.0 |      66 |      31 |  32.0
   Depths:2 |   20406 |   23416 |  53.4 |      25 |      25 |  50.0
   Depths:3 |   36209 |   56802 |  61.1 |      42 |      68 |  61.8
   Depths:4 |   15461 |   10161 |  39.7 |      21 |       8 |  27.6
      Zot:1 |   48908 |       0 |   0.0 |      44 |       0 |   0.0
      Zot:2 |   49659 |   20187 |  28.9 |      36 |      17 |  32.1
      Zot:3 |   11673 |    4968 |  29.9 |      11 |       4 |  26.7
      Zot:4 |   29811 |    3869 |  11.5 |      22 |       2 |   8.3
    Abyss:2 |   25456 |    7346 |  22.4 |      48 |      12 |  20.0
        Pan |  275824 |   34023 |  11.0 |     467 |      41 |   8.1
      Sewer |       0 |     134 | 100.0 |       0 |       3 | 100.0
    Ossuary |       0 |     353 | 100.0 |       0 |      39 | 100.0
   Gauntlet |       0 |    5023 | 100.0 |       0 |      11 | 100.0
            +---------+---------+-------+---------+---------+-------
